Workbook

Sheet Patrimoine 2018
A1: Dates | B1: ANC. N°Inv | C1: Clé | D1: How many ? | E1: NV N°Inv | F1: Libellé | G1: Secteur | H1: Affectation | I1: Ville
A2: 41810 | B2: 1927 | C2: =B2&"-"&A2&"-"&LEFT(F2,8) -> 1927-41810-Travaux | D2: =COUNTIF(Rapprochement!$C$5:$C$2462,'Patrimoine 2018'!C2) -> 1 | E2: 0 | F2: Travaux de Rénovation | G2: SM | H2: SECTION | I2: AG
A3: 26299 | B3: 1 | C3: =B3&"-"&A3&"-"&LEFT(F3,8) -> 1-26299-Immeuble | D3: =COUNTIF(Rapprochement!$C$5:$C$2462,'Patrimoine 2018'!C3) -> 1 | E3: 1 | F3: Immeuble Condorcet - siege | G3: SM | H3: NON AFFECTES
A4: 26299 | B4: 2 | C4: =B4&"-"&A4&"-"&LEFT(F4,8) -> 2-26299-Install. | D4: =COUNTIF(Rapprochement!$C$5:$C$2462,'Patrimoine 2018'!C4) -> 1 | E4: 2 | F4: Install. Teleph.Im. Condorcet- Siege | G4: SM | H4: NON AFFECTES
A5: 26604 | B5: 3 | C5: =B5&"-"&A5&"-"&LEFT(F5,8) -> 3-26604-Extincte | D5: =COUNTIF(Rapprochement!$C$5:$C$2462,'Patrimoine 2018'!C5) -> 1 | E5: 3 | F5: Extincteur a Cou | G5: SM | H5: NON AFFECTES
A6: 26604 | B6: 4 | C6: =B6&"-"&A6&"-"&LEFT(F6,8) -> 4-26604-Extincte | D6: =COUNTIF(Rapprochement!$C$5:$C$2462,'Patrimoine 2018'!C6) -> 1 | E6: 4 | F6: Extincteur a Cou | G6: SM | H6: NON AFFECTES
A7: 26604 | B7: 5 | C7: =B7&"-"&A7&"-"&LEFT(F7,8) -> 5-26604-Extincte | D7: =COUNTIF(Rapprochement!$C$5:$C$2462,'Patrimoine 2018'!C7) -> 1 | E7: 5 | F7: Extincteur a Cou | G7: SM | H7: NON AFFECTES
A8: 26604 | B8: 6 | C8: =B8&"-"&A8&"-"&LEFT(F8,8) -> 6-26604-Extincte | D8: =COUNTIF(Rapprochement!$C$5:$C$2462,'Patrimoine 2018'!C8) -> 1 | E8: 6 | F8: Extincteur a Cou | G8: SM | H8: NON AFFECTES
A9: 26604 | B9: 7 | C9: =B9&"-"&A9&"-"&LEFT(F9,8) -> 7-26604-Extincte | D9: =COUNTIF(Rapprochement!$C$5:$C$2462,'Patrimoine 2018'!C9) -> 1 | E9: 7 | F9: Extincteur a Cou | G9: SM | H9: NON AFFECTES
A10: 26604 | B10: 8 | C10: =B10&"-"&A10&"-"&LEFT(F10,8) -> 8-26604-Extincte | D10: =COUNTIF(Rapprochement!$C$5:$C$2462,'Patrimoine 2018'!C10) -> 1 | E10: 8 | F10: Extincteur a Cou | G10: SM | H10: CELLULE DE REPRESENTATION REGIONALE CASA-MAARIF | I10: MRF
A11: 26604 | B11: 9 | C11: =B11&"-"&A11&"-"&LEFT(F11,8) -> 9-26604-Extincte | D11: =COUNTIF(Rapprochement!$C$5:$C$2462,'Patrimoine 2018'!C11) -> 1 | E11: 9 | F11: Extincteur a Cou | G11: SM | H11: Systeme information et communication | I11: 210
A12: 26604 | B12: 10 | C12: =B12&"-"&A12&"-"&LEFT(F12,8) -> 10-26604-Extincte | D12: =COUNTIF(Rapprochement!$C$5:$C$2462,'Patrimoine 2018'!C12) -> 1 | E12: 10 | F12: Extincteur a Cou | G12: SM | H12: NON AFFECTES
A13: 26604 | B13: 11 | C13: =B13&"-"&A13&"-"&LEFT(F13,8) -> 11-26604-Extincte | D13: =COUNTIF(Rapprochement!$C$5:$C$2462,'Patrimoine 2018'!C13) -> 1 | E13: 11 | F13: Extincteur a Cou | G13: SM | H13: NON AFFECTES
A14: 28506 | B14: 27 | C14: =B14&"-"&A14&"-"&LEFT(F14,8) -> 27-28506-Coffre F | D14: =COUNTIF(Rapprochement!$C$5:$C$2462,'Patrimoine 2018'!C14) -> 1 | E14: 19 | F14: Coffre Fort Carmine | G14: SM | H14: FINANCIER | I14: 306
A15: 30712 | B15: 30 | C15: =B15&"-"&A15&"-"&LEFT(F15,8) -> 30-30712-Bureaux | D15: =COUNTIF(Rapprochement!$C$5:$C$2462,'Patrimoine 2018'!C15) -> 1 | E15: 20 | F15: Bureaux Et Placards Condorcet | G15: SM | H15: ADHESIONS & AVIS DE MODIFICATION | I15: 313
A16: 30986 | B16: 1 | C16: =B16&"-"&A16&"-"&LEFT(F16,8) -> 1-30986-Amenagem | D16: =COUNTIF(Rapprochement!$C$5:$C$2462,'Patrimoine 2018'!C16) -> 1 | E16: 22 | F16: Amenagement CDM | G16: SM | H16: SECTION | I16: MR
A17: 31016 | B17: 12 | C17: =B17&"-"&A17&"-"&LEFT(F17,8) -> 12-31016-Villa - | D17: =COUNTIF(Rapprochement!$C$5:$C$2462,'Patrimoine 2018'!C17) -> 1 | E17: 23 | F17: Villa - CDM. Mers Sultan | G17: SM | H17: C.D.M. CASA-MERS SULTAN
A18: 31079 | B18: 32 | C18: =B18&"-"&A18&"-"&LEFT(F18,8) -> 32-31079-Machine | D18: =COUNTIF(Rapprochement!$C$5:$C$2462,'Patrimoine 2018'!C18) -> 1 | E18: 24 | F18: Machine a Ecrire Electronique | G18: SM | H18: SECRETARIAT DE DIRECTION | I18: 311
A19: 31291 | B19: 33 | C19: =B19&"-"&A19&"-"&LEFT(F19,8) -> 33-31291-Table Re | D19: =COUNTIF(Rapprochement!$C$5:$C$2462,'Patrimoine 2018'!C19) -> 1 | E19: 25 | F19: Table Reunion 30 Places | G19: SM | H19: GENERAUX | I19: 6
A20: 31457 | B20: 34 | C20: =B20&"-"&A20&"-"&LEFT(F20,8) -> 34-31457-Bureu Pr | D20: =COUNTIF(Rapprochement!$C$5:$C$2462,'Patrimoine 2018'!C20) -> 1 | E20: 26 | F20: Bureu President En Bois | G20: SM | H20: FINANCIER & COMPTABLE | I20: 307
A21: 31523 | B21: 145 | C21: =B21&"-"&A21&"-"&LEFT(F21,8) -> 145-31523-Table En | D21: =COUNTIF(Rapprochement!$C$5:$C$2462,'Patrimoine 2018'!C21) -> 1 | E21: 28 | F21: Table En Teck S.S | G21: SM | H21: C.D.M. CASA-MERS SULTAN
A22: 31779 | B22: 40 | C22: =B22&"-"&A22&"-"&LEFT(F22,8) -> 40-31779-Bureau e | D22: =COUNTIF(Rapprochement!$C$5:$C$2462,'Patrimoine 2018'!C22) -> 1 | E22: 30 | F22: Bureau en Teck 1.5m Pour Medecin | G22: SM | H22: CELLULE DE REPRESENTATION REGIONALE FKIH BEN SALAH | I22: FB
A23: 31897 | B23: 12 | C23: =B23&"-"&A23&"-"&LEFT(F23,8) -> 12-31897-Villa - | D23: =COUNTIF(Rapprochement!$C$5:$C$2462,'Patrimoine 2018'!C23) -> 1 | E23: 33 | F23: Villa - CDM - Marrakech | G23: SM | H23: SECTION | I23: MR
A24: 32080 | B24: 108 | C24: =B24&"-"&A24&"-"&LEFT(F24,8) -> 108-32080-ELEMENT | D24: =COUNTIF(Rapprochement!$C$5:$C$2462,'Patrimoine 2018'!C24) -> 0 | E24: 35 | F24: ELEMENT METALLIQUE A 11 TIROIRS | G24: SM | H24: C.D.M. CASA-DAR LAMANE | I24: DR
A25: 32080 | B25: 114 | C25: =B25&"-"&A25&"-"&LEFT(F25,8) -> 114-32080-Chaise E | D25: =COUNTIF(Rapprochement!$C$5:$C$2462,'Patrimoine 2018'!C25) -> 0 | E25: 36 | F25: Chaise En Skaille Et Bois Marron Recep | G25: SM | H25: C.D.M. CASA-DAR LAMANE | I25: DR
A26: 32098 | B26: 12 | C26: =B26&"-"&A26&"-"&LEFT(F26,8) -> 12-32098-Amenagem | D26: =COUNTIF(Rapprochement!$C$5:$C$2462,'Patrimoine 2018'!C26) -> 0 | E26: 37 | F26: Amenagement et Installation | G26: SM | H26: SECTION | I26: DR
A27: 32142 | B27: 8 | C27: =B27&"-"&A27&"-"&LEFT(F27,8) -> 8-32142-Meuble d | D27: =COUNTIF(Rapprochement!$C$5:$C$2462,'Patrimoine 2018'!C27) -> 1 | E27: 38 | F27: Meuble de Rangement a 1 Porte En Teck | G27: SM | H27: CELLULE DE REPRESENTATION REGIONALE CASA-MAARIF | I27: MRF
A28: 32142 | B28: 22 | C28: =B28&"-"&A28&"-"&LEFT(F28,8) -> 22-32142-Bureau a | D28: =COUNTIF(Rapprochement!$C$5:$C$2462,'Patrimoine 2018'!C28) -> 1 | E28: 39 | F28: Bureau a 1.5 m En Teck | G28: SM | H28: CELLULE DE REPRESENTATION REGIONALE CASA-MAARIF | I28: MRF
A29: 32142 | B29: 24 | C29: =B29&"-"&A29&"-"&LEFT(F29,8) -> 24-32142-Chaise E | D29: =COUNTIF(Rapprochement!$C$5:$C$2462,'Patrimoine 2018'!C29) -> 1 | E29: 40 | F29: Chaise En Skai Noir | G29: SM | H29: CELLULE DE REPRESENTATION REGIONALE CASA-MAARIF | I29: MRF
A30: 32142 | B30: 25 | C30: =B30&"-"&A30&"-"&LEFT(F30,8) -> 25-32142-Chaise E | D30: =COUNTIF(Rapprochement!$C$5:$C$2462,'Patrimoine 2018'!C30) -> 1 | E30: 41 | F30: Chaise En Skai Noir | G30: SM | H30: CELLULE DE REPRESENTATION REGIONALE CASA-MAARIF | I30: MRF
A31: 32142 | B31: 28 | C31: =B31&"-"&A31&"-"&LEFT(F31,8) -> 28-32142-Meuble d | D31: =COUNTIF(Rapprochement!$C$5:$C$2462,'Patrimoine 2018'!C31) -> 1 | E31: 43 | F31: Meuble de Rangement Avec Tir.1.5m/50 | G31: SM | H31: CELLULE DE REPRESENTATION REGIONALE CASA-MAARIF | I31: MRF
A32: 32168 | B32: 92 | C32: =B32&"-"&A32&"-"&LEFT(F32,8) -> 92-32168-1Table e | D32: =COUNTIF(Rapprochement!$C$5:$C$2462,'Patrimoine 2018'!C32) -> 1 | E32: 44 | F32: 1Table en Bois Pour Sterilisateur | G32: SM | H32: C.D.M. CASA-DAR LAMANE | I32: DR
A33: 32168 | B33: 96 | C33: =B33&"-"&A33&"-"&LEFT(F33,8) -> 96-32168-Armoire | D33: =COUNTIF(Rapprochement!$C$5:$C$2462,'Patrimoine 2018'!C33) -> 1 | E33: 45 | F33: Armoire En Bois Metalique a 2 Portes B.R | G33: SM | H33: C.D.M. CASA-DAR LAMANE | I33: DR
A34: 32168 | B34: 99 | C34: =B34&"-"&A34&"-"&LEFT(F34,8) -> 99-32168-Element | D34: =COUNTIF(Rapprochement!$C$5:$C$2462,'Patrimoine 2018'!C34) -> 1 | E34: 46 | F34: Element En Bois 2m a 2 Etageres | G34: SM | H34: C.D.M. CASA-DAR LAMANE | I34: DR
A35: 32412 | B35: 40 | C35: =B35&"-"&A35&"-"&LEFT(F35,8) -> 40-32412-Table In | D35: =COUNTIF(Rapprochement!$C$5:$C$2462,'Patrimoine 2018'!C35) -> 1 | E35: 50 | F35: Table Informatique | G35: SM | H35: SERVICE TRAITEMENT DES REJETS | I35: 7
A36: 32412 | B36: 41 | C36: =B36&"-"&A36&"-"&LEFT(F36,8) -> 41-32412-Table In | D36: =COUNTIF(Rapprochement!$C$5:$C$2462,'Patrimoine 2018'!C36) -> 1 | E36: 51 | F36: Table Informatique | G36: SM | H36: ADHESIONS & AVIS DE MODIFICATION | I36: 312
A37: 32412 | B37: 42 | C37: =B37&"-"&A37&"-"&LEFT(F37,8) -> 42-32412-Table In | D37: =COUNTIF(Rapprochement!$C$5:$C$2462,'Patrimoine 2018'!C37) -> 1 | E37: 52 | F37: Table Informatique | G37: SM | H37: SECRETARIAT DE DIRECTION | I37: 311
A38: 32412 | B38: 44 | C38: =B38&"-"&A38&"-"&LEFT(F38,8) -> 44-32412-Table In | D38: =COUNTIF(Rapprochement!$C$5:$C$2462,'Patrimoine 2018'!C38) -> 1 | E38: 54 | F38: Table Informatique | G38: SM | H38: CONTROLE MEDICAL | I38: 204
A39: 32611 | B39: 42 | C39: =B39&"-"&A39&"-"&LEFT(F39,8) -> 42-32611-Bureau 1 | D39: =COUNTIF(Rapprochement!$C$5:$C$2462,'Patrimoine 2018'!C39) -> 1 | E39: 57 | F39: Bureau 1.5*0.75 Recep. | G39: SM | H39: CELLULE DE REPRESENTATION REGIONALE LAAYOUNE | I39: LY
A40: 32625 | B40: 3 | C40: =B40&"-"&A40&"-"&LEFT(F40,8) -> 3-32625-Villa - | D40: =COUNTIF(Rapprochement!$C$5:$C$2462,'Patrimoine 2018'!C40) -> 1 | E40: 58 | F40: Villa - CDM - Rabat | G40: SM | H40: SECTION | I40: RB
A41: 32687 | B41: 4 | C41: =B41&"-"&A41&"-"&LEFT(F41,8) -> 4-32687-Travaux | D41: =COUNTIF(Rapprochement!$C$5:$C$2462,'Patrimoine 2018'!C41) -> 1 | E41: 59 | F41: Travaux d'Amenagement Villa | G41: SM | H41: SECTION | I41: RB
A42: 32689 | B42: 147 | C42: =B42&"-"&A42&"-"&LEFT(F42,8) -> 147-32689-Chariot | D42: =COUNTIF(Rapprochement!$C$5:$C$2462,'Patrimoine 2018'!C42) -> 1 | E42: 60 | F42: Chariot Metaliq Noir avec Roulet Bur Sec | G42: SM | H42: CELLULE DE REPRESENTATION REGIONALE RABAT | I42: RB
A43: 33054 | B43: 59 | C43: =B43&"-"&A43&"-"&LEFT(F43,8) -> 59-33054-Armoire | D43: =COUNTIF(Rapprochement!$C$5:$C$2462,'Patrimoine 2018'!C43) -> 1 | E43: 62 | F43: Armoire Metalique A 220 | G43: SM | H43: SERVICE DES ARCHIVES | I43: 1
A44: 33085 | B44: 7 | C44: =B44&"-"&A44&"-"&LEFT(F44,8) -> 7-33085-Chariot | D44: =COUNTIF(Rapprochement!$C$5:$C$2462,'Patrimoine 2018'!C44) -> 1 | E44: 64 | F44: Chariot Mobile a 2 Etageres | G44: SM | H44: CELLULE DE REPRESENTATION REGIONALE FKIH BEN SALAH | I44: FB
A45: 33664 | B45: 28 | C45: =B45&"-"&A45&"-"&LEFT(F45,8) -> 28-33664-BUREAU E | D45: =COUNTIF(Rapprochement!$C$5:$C$2462,'Patrimoine 2018'!C45) -> 0 | E45: 65 | F45: BUREAU EN TECK 1.5/60 | G45: SM | H45: C.D.M. AGADIR
A46: 33664 | B46: 29 | C46: =B46&"-"&A46&"-"&LEFT(F46,8) -> 29-33664-Bureau 1 | D46: =COUNTIF(Rapprochement!$C$5:$C$2462,'Patrimoine 2018'!C46) -> 1 | E46: 66 | F46: Bureau 1.5/60 En Teck | G46: SM | H46: C.D.M. AGADIR
A47: 33695 | B47: 39 | C47: =B47&"-"&A47&"-"&LEFT(F47,8) -> 39-33695-ELement | D47: =COUNTIF(Rapprochement!$C$5:$C$2462,'Patrimoine 2018'!C47) -> 1 | E47: 69 | F47: ELement Metalique a 2 T | G47: SM | H47: C.D.M. AGADIR
A48: 33753 | B48: 65 | C48: =B48&"-"&A48&"-"&LEFT(F48,8) -> 65-33753-Plateau | D48: =COUNTIF(Rapprochement!$C$5:$C$2462,'Patrimoine 2018'!C48) -> 1 | E48: 70 | F48: Plateau Rotative + Doss / Planches | G48: SM | H48: GESTION DES PRECOMPTES | I48: ARCH
A49: 33769 | B49: 68 | C49: =B49&"-"&A49&"-"&LEFT(F49,8) -> 68-33769-Fauteuil | D49: =COUNTIF(Rapprochement!$C$5:$C$2462,'Patrimoine 2018'!C49) -> 1 | E49: 73 | F49: Fauteuil Dtion Imp. 3 Faut . Occas | G49: SM | H49: OEUVRES SOCIALES | I49: OS
A50: 34142 | B50: 19 | C50: =B50&"-"&A50&"-"&LEFT(F50,8) -> 19-34142-Elt Meta | D50: =COUNTIF(Rapprochement!$C$5:$C$2462,'Patrimoine 2018'!C50) -> 1 | E50: 75 | F50: Elt Metalique pr Fiche a 2 Tiroirs Recep | G50: SM | H50: CELLULE DE REPRESENTATION REGIONALE BERKANE | I50: BR
A51: 34170 | B51: 22 | C51: =B51&"-"&A51&"-"&LEFT(F51,8) -> 22-34170-Petit Ta | D51: =COUNTIF(Rapprochement!$C$5:$C$2462,'Patrimoine 2018'!C51) -> 1 | E51: 79 | F51: Petit Table En Bois Pour Telephone | G51: SM | H51: CELLULE DE REPRESENTATION REGIONALE FES | I51: FS
A52: 34318 | B52: 162 | C52: =B52&"-"&A52&"-"&LEFT(F52,8) -> 162-34318-Chaise S | D52: =COUNTIF(Rapprochement!$C$5:$C$2462,'Patrimoine 2018'!C52) -> 1 | E52: 86 | F52: Chaise Simple Bleu En Tissu | G52: SM | H52: C.D.M. CASA-MERS SULTAN
A53: 34318 | B53: 163 | C53: =B53&"-"&A53&"-"&LEFT(F53,8) -> 163-34318-Chaise S | D53: =COUNTIF(Rapprochement!$C$5:$C$2462,'Patrimoine 2018'!C53) -> 1 | E53: 87 | F53: Chaise Simple Bleu En Tissu B.Resp | G53: SM | H53: C.D.M. CASA-MERS SULTAN
A54: 34318 | B54: 168 | C54: =B54&"-"&A54&"-"&LEFT(F54,8) -> 168-34318-Chaise E | D54: =COUNTIF(Rapprochement!$C$5:$C$2462,'Patrimoine 2018'!C54) -> 1 | E54: 89 | F54: Chaise En Skai Noire Avec AccoudoirC3 | G54: SM | H54: C.D.M. CASA-MERS SULTAN
A55: 34318 | B55: 169 | C55: =B55&"-"&A55&"-"&LEFT(F55,8) -> 169-34318-Chaise B | D55: =COUNTIF(Rapprochement!$C$5:$C$2462,'Patrimoine 2018'!C55) -> 1 | E55: 90 | F55: Chaise Bleu En Tissu C2 | G55: SM | H55: C.D.M. CASA-MERS SULTAN
A56: 34318 | B56: 179 | C56: =B56&"-"&A56&"-"&LEFT(F56,8) -> 179-34318-Chaise E | D56: =COUNTIF(Rapprochement!$C$5:$C$2462,'Patrimoine 2018'!C56) -> 1 | E56: 91 | F56: Chaise En Skai Marron C2 | G56: SM | H56: C.D.M. CASA-MERS SULTAN
A57: 34344 | B57: 2 | C57: =B57&"-"&A57&"-"&LEFT(F57,8) -> 2-34344-Amenagem | D57: =COUNTIF(Rapprochement!$C$5:$C$2462,'Patrimoine 2018'!C57) -> 1 | E57: 93 | F57: Amenagement - CDM | G57: SM | H57: SECTION | I57: KL
A58: 34376 | B58: 3 | C58: =B58&"-"&A58&"-"&LEFT(F58,8) -> 3-34376-Appartem | D58: =COUNTIF(Rapprochement!$C$5:$C$2462,'Patrimoine 2018'!C58) -> 1 | E58: 94 | F58: Appartement - CDM-El Kelaa des Sraghna | G58: SM | H58: SECTION | I58: KL
A59: 34376 | B59: 4 | C59: =B59&"-"&A59&"-"&LEFT(F59,8) -> 4-34376-Appartem | D59: =COUNTIF(Rapprochement!$C$5:$C$2462,'Patrimoine 2018'!C59) -> 1 | E59: 95 | F59: Appartement - LF - El Kelaa des Sraghna | G59: SM | H59: SECTION | I59: KL
A60: 34400 | B60: 46 | C60: =B60&"-"&A60&"-"&LEFT(F60,8) -> 46-34400-Classeur | D60: =COUNTIF(Rapprochement!$C$5:$C$2462,'Patrimoine 2018'!C60) -> 1 | E60: 99 | F60: Classeur Metalique a 2Tiroirs | G60: SM | H60: C.D.M. MARRAKECH
A61: 34400 | B61: 82 | C61: =B61&"-"&A61&"-"&LEFT(F61,8) -> 82-34400-Classeur | D61: =COUNTIF(Rapprochement!$C$5:$C$2462,'Patrimoine 2018'!C61) -> 1 | E61: 100 | F61: Classeur Metalique a 2Tiroirs | G61: SM | H61: C.D.M. MARRAKECH
A62: 34400 | B62: 101 | C62: =B62&"-"&A62&"-"&LEFT(F62,8) -> 101-34400-Classeur | D62: =COUNTIF(Rapprochement!$C$5:$C$2462,'Patrimoine 2018'!C62) -> 1 | E62: 101 | F62: Classeur Metalique a 2Tiroirs Recep. | G62: SM | H62: C.D.M. MARRAKECH
A63: 34400 | B63: 102 | C63: =B63&"-"&A63&"-"&LEFT(F63,8) -> 102-34400-Classeur | D63: =COUNTIF(Rapprochement!$C$5:$C$2462,'Patrimoine 2018'!C63) -> 1 | E63: 102 | F63: Classeur Metalique a 2Tiroirs Recep. | G63: SM | H63: C.D.M. MARRAKECH
A64: 34400 | B64: 65 | C64: =B64&"-"&A64&"-"&LEFT(F64,8) -> 65-34400-Table En | D64: =COUNTIF(Rapprochement!$C$5:$C$2462,'Patrimoine 2018'!C64) -> 1 | E64: 104 | F64: Table En Bois Salle D'Attente A1 | G64: SM | H64: CELLULE DE REPRESENTATION REGIONALE LAAYOUNE | I64: LY
A65: 34400 | B65: 143 | C65: =B65&"-"&A65&"-"&LEFT(F65,8) -> 143-34400-Tableau | D65: =COUNTIF(Rapprochement!$C$5:$C$2462,'Patrimoine 2018'!C65) -> 1 | E65: 105 | F65: Tableau D'Affichage | G65: SM | H65: CELLULE DE REPRESENTATION REGIONALE RABAT
A66: 34400 | B66: 13 | C66: =B66&"-"&A66&"-"&LEFT(F66,8) -> 13-34400-Amenagem | D66: =COUNTIF(Rapprochement!$C$5:$C$2462,'Patrimoine 2018'!C66) -> 1 | E66: 107 | F66: Amenagement - CDM | G66: SM | H66: SECTION | I66: KL
A67: 34618 | B67: 371 | C67: =B67&"-"&A67&"-"&LEFT(F67,8) -> 371-34618-Petit Ro | D67: =COUNTIF(Rapprochement!$C$5:$C$2462,'Patrimoine 2018'!C67) -> 1 | E67: 110 | F67: Petit Ronde en Bois Stoks | G67: SM | H67: SERVICE TRAITEMENT DES REJETS | I67: 7
A68: 34652 | B68: 21 | C68: =B68&"-"&A68&"-"&LEFT(F68,8) -> 21-34652-Table de | D68: =COUNTIF(Rapprochement!$C$5:$C$2462,'Patrimoine 2018'!C68) -> 1 | E68: 114 | F68: Table de Telephone En Bois | G68: SM | H68: C.D.M. EL KELAA | I68: KL
A69: 34652 | B69: 22 | C69: =B69&"-"&A69&"-"&LEFT(F69,8) -> 22-34652-Table En | D69: =COUNTIF(Rapprochement!$C$5:$C$2462,'Patrimoine 2018'!C69) -> 1 | E69: 115 | F69: Table En Bois 0.75/50m L.F | G69: SM | H69: C.D.M. EL KELAA | I69: KL
A70: 34683 | B70: 23 | C70: =B70&"-"&A70&"-"&LEFT(F70,8) -> 23-34683-Clappet | D70: =COUNTIF(Rapprochement!$C$5:$C$2462,'Patrimoine 2018'!C70) -> 1 | E70: 117 | F70: Clappet Metalique 5 Cases | G70: SM | H70: C.D.M. EL KELAA | I70: KL
A71: 34683 | B71: 24 | C71: =B71&"-"&A71&"-"&LEFT(F71,8) -> 24-34683-Clappet | D71: =COUNTIF(Rapprochement!$C$5:$C$2462,'Patrimoine 2018'!C71) -> 1 | E71: 118 | F71: Clappet Metalique 5 Cases | G71: SM | H71: CELLULE DE REPRESENTATION REGIONALE EL KALAA DES SGRAGHNA | I71: KL
A72: 34700 | B72: 33 | C72: =B72&"-"&A72&"-"&LEFT(F72,8) -> 33-34700-Echelle | D72: =COUNTIF(Rapprochement!$C$5:$C$2462,'Patrimoine 2018'!C72) -> 1 | E72: 120 | F72: Echelle en Aluminum | G72: SM | H72: C.D.M. MARRAKECH
A73: 34718 | B73: 80 | C73: =B73&"-"&A73&"-"&LEFT(F73,8) -> 80-34718-Echelle | D73: =COUNTIF(Rapprochement!$C$5:$C$2462,'Patrimoine 2018'!C73) -> 1 | E73: 121 | F73: Echelle En Inox | G73: SM | H73: CELLULE DE REPRESENTATION REGIONALE ESSAMARA | I73: SM
A74: 34813 | B74: 83 | C74: =B74&"-"&A74&"-"&LEFT(F74,8) -> 83-34813-Biblioth | D74: =COUNTIF(Rapprochement!$C$5:$C$2462,'Patrimoine 2018'!C74) -> 1 | E74: 123 | F74: Bibliotheque 4 Etages | G74: SM | H74: ADHESIONS & AVIS DE MODIFICATION | I74: 312
A75: 34866 | B75: 84 | C75: =B75&"-"&A75&"-"&LEFT(F75,8) -> 84-34866-Fauteuil | D75: =COUNTIF(Rapprochement!$C$5:$C$2462,'Patrimoine 2018'!C75) -> 1 | E75: 124 | F75: Fauteuil Secretaire | G75: SM | H75: FINANCIER & COMPTABLE | I75: 307
A76: 34866 | B76: 85 | C76: =B76&"-"&A76&"-"&LEFT(F76,8) -> 85-34866-Bureau D | D76: =COUNTIF(Rapprochement!$C$5:$C$2462,'Patrimoine 2018'!C76) -> 1 | E76: 125 | F76: Bureau Demi - Mustre | G76: SM | H76: SECRETARIAT DE DIRECTION | I76: 311
A77: 34866 | B77: 87 | C77: =B77&"-"&A77&"-"&LEFT(F77,8) -> 87-34866-Chaise S | D77: =COUNTIF(Rapprochement!$C$5:$C$2462,'Patrimoine 2018'!C77) -> 1 | E77: 127 | F77: Chaise Secretaire | G77: SM | H77: FINANCIER & COMPTABLE | I77: 307
A78: 34977 | B78: 22 | C78: =B78&"-"&A78&"-"&LEFT(F78,8) -> 22-34977-Fauteuil | D78: =COUNTIF(Rapprochement!$C$5:$C$2462,'Patrimoine 2018'!C78) -> 1 | E78: 129 | F78: Fauteuil President Noir Medical Resp. | G78: SM | H78: C.D.M GUELMIM
A79: 35071 | B79: 16 | C79: =B79&"-"&A79&"-"&LEFT(F79,8) -> 16-35071-Elt. de | D79: =COUNTIF(Rapprochement!$C$5:$C$2462,'Patrimoine 2018'!C79) -> 1 | E79: 131 | F79: Elt. de Class.En Bois pr Fiche 1.98m/44 | G79: SM | H79: CELLULE DE REPRESENTATION REGIONALE BERKANE | I79: BR
A80: 35071 | B80: 17 | C80: =B80&"-"&A80&"-"&LEFT(F80,8) -> 17-35071-Elt. de | D80: =COUNTIF(Rapprochement!$C$5:$C$2462,'Patrimoine 2018'!C80) -> 1 | E80: 132 | F80: Elt. de Class.En Bois pr Fiche 1.98m/44 | G80: SM | H80: CELLULE DE REPRESENTATION REGIONALE BERKANE | I80: BR
A81: 35079 | B81: 23 | C81: =B81&"-"&A81&"-"&LEFT(F81,8) -> 23-35079-comptoir | D81: =COUNTIF(Rapprochement!$C$5:$C$2462,'Patrimoine 2018'!C81) -> 1 | E81: 133 | F81: comptoir en bois a 2 elements | G81: SM | H81: CELLULE DE REPRESENTATION REGIONALE BERKANE | I81: BR
A82: 35089 | B82: 44 | C82: =B82&"-"&A82&"-"&LEFT(F82,8) -> 44-35089-Telephon | D82: =COUNTIF(Rapprochement!$C$5:$C$2462,'Patrimoine 2018'!C82) -> 1 | E82: 134 | F82: Telephone Ittissalat AL Maghrib | G82: SM | H82: CELLULE DE REPRESENTATION REGIONALE BERKANE | I82: BR
A83: 35246 | B83: 40 | C83: =B83&"-"&A83&"-"&LEFT(F83,8) -> 40-35246-Table En | D83: =COUNTIF(Rapprochement!$C$5:$C$2462,'Patrimoine 2018'!C83) -> 1 | E83: 141 | F83: Table En Bois Pour Visiteurs 1.00m/70 | G83: SM | H83: CELLULE DE REPRESENTATION REGIONALE SETTAT | I83: ST
A84: 35246 | B84: 48 | C84: =B84&"-"&A84&"-"&LEFT(F84,8) -> 48-35246-Table En | D84: =COUNTIF(Rapprochement!$C$5:$C$2462,'Patrimoine 2018'!C84) -> 1 | E84: 143 | F84: Table En Bois Pour Visiteurs 1.2m/90 | G84: SM | H84: CELLULE DE REPRESENTATION REGIONALE SETTAT | I84: ST
A85: 35246 | B85: 100 | C85: =B85&"-"&A85&"-"&LEFT(F85,8) -> 100-35246-Meuble D | D85: =COUNTIF(Rapprochement!$C$5:$C$2462,'Patrimoine 2018'!C85) -> 1 | E85: 144 | F85: Meuble De Coin en Bois Salle D'attente | G85: SM | H85: CELLULE DE REPRESENTATION REGIONALE SETTAT | I85: ST
A86: 35412 | B86: 71 | C86: =B86&"-"&A86&"-"&LEFT(F86,8) -> 71-35412-Amplific | D86: =COUNTIF(Rapprochement!$C$5:$C$2462,'Patrimoine 2018'!C86) -> 1 | E86: 146 | F86: Amplificateur SHOW PA System SA 1200 Rec | G86: SM | H86: C.D.M. CASA-MERS SULTAN
A87: 35429 | B87: 94 | C87: =B87&"-"&A87&"-"&LEFT(F87,8) -> 94-35429-Armoire | D87: =COUNTIF(Rapprochement!$C$5:$C$2462,'Patrimoine 2018'!C87) -> 1 | E87: 147 | F87: Armoire moyen Avec Porte | G87: SM | H87: STANDARD | I87: 315
A88: 35431 | B88: 37 | C88: =B88&"-"&A88&"-"&LEFT(F88,8) -> 37-35431-Meuble E | D88: =COUNTIF(Rapprochement!$C$5:$C$2462,'Patrimoine 2018'!C88) -> 1 | E88: 148 | F88: Meuble En Bois Pr Reception | G88: SM | H88: CELLULE DE REPRESENTATION REGIONALE FKIH BEN SALAH | I88: FB
A89: 35431 | B89: 38 | C89: =B89&"-"&A89&"-"&LEFT(F89,8) -> 38-35431-Meuble E | D89: =COUNTIF(Rapprochement!$C$5:$C$2462,'Patrimoine 2018'!C89) -> 1 | E89: 149 | F89: Meuble En Bois Pr Bureau Responsable | G89: SM | H89: CELLULE DE REPRESENTATION REGIONALE FKIH BEN SALAH | I89: FB
A90: 35431 | B90: 39 | C90: =B90&"-"&A90&"-"&LEFT(F90,8) -> 39-35431-Meuble E | D90: =COUNTIF(Rapprochement!$C$5:$C$2462,'Patrimoine 2018'!C90) -> 1 | E90: 150 | F90: Meuble En Bois Pr Bureau Responsable | G90: SM | H90: CELLULE DE REPRESENTATION REGIONALE FKIH BEN SALAH | I90: FB
A91: 35479 | B91: 95 | C91: =B91&"-"&A91&"-"&LEFT(F91,8) -> 95-35479-Amenagem | D91: =COUNTIF(Rapprochement!$C$5:$C$2462,'Patrimoine 2018'!C91) -> 1 | E91: 151 | F91: Amenagement Standart - Siege | G91: SM | H91: STANDARD | I91: 315
A92: 35482 | B92: 96 | C92: =B92&"-"&A92&"-"&LEFT(F92,8) -> 96-35482-Portable | D92: =COUNTIF(Rapprochement!$C$5:$C$2462,'Patrimoine 2018'!C92) -> 1 | E92: 152 | F92: Portable Toshiba 9 Satellite | G92: SM | H92: EXPLOITATION | I92: 208
A93: 35530 | B93: 427 | C93: =B93&"-"&A93&"-"&LEFT(F93,8) -> 427-35530-Bureau N | D93: =COUNTIF(Rapprochement!$C$5:$C$2462,'Patrimoine 2018'!C93) -> 1 | E93: 154 | F93: Bureau Noir 1.6m/80 B. Direct. | G93: SM | H93: COMPTABILITE | I93: 309
A94: 35530 | B94: 428 | C94: =B94&"-"&A94&"-"&LEFT(F94,8) -> 428-35530-Retour N | D94: =COUNTIF(Rapprochement!$C$5:$C$2462,'Patrimoine 2018'!C94) -> 1 | E94: 155 | F94: Retour Noir Sanash B.D. | G94: SM | H94: COMPTABILITE AMO | I94: 203
A95: 35530 | B95: 429 | C95: =B95&"-"&A95&"-"&LEFT(F95,8) -> 429-35530-Table Te | D95: =COUNTIF(Rapprochement!$C$5:$C$2462,'Patrimoine 2018'!C95) -> 1 | E95: 156 | F95: Table Telephone Noire Sanash B.D. | G95: SM | H95: COMPTABILITE | I95: 309
A96: 35530 | B96: 433 | C96: =B96&"-"&A96&"-"&LEFT(F96,8) -> 433-35530-Table Vi | D96: =COUNTIF(Rapprochement!$C$5:$C$2462,'Patrimoine 2018'!C96) -> 1 | E96: 157 | F96: Table Visiteur Noire Sanash | G96: SM | H96: AFFAIRES ADMINSTRARTIVES | I96: 305
A97: 35530 | B97: 434 | C97: =B97&"-"&A97&"-"&LEFT(F97,8) -> 434-35530-Element | D97: =COUNTIF(Rapprochement!$C$5:$C$2462,'Patrimoine 2018'!C97) -> 1 | E97: 158 | F97: Element Noir de Classement Sanash B.D. | G97: SM | H97: AFFAIRES ADMINSTRARTIVES | I97: 305
A98: 35542 | B98: 430 | C98: =B98&"-"&A98&"-"&LEFT(F98,8) -> 430-35542-Fauteuil | D98: =COUNTIF(Rapprochement!$C$5:$C$2462,'Patrimoine 2018'!C98) -> 1 | E98: 159 | F98: Fauteuil President Rouge Sanash B.D. | G98: SM | H98: COMPTABILITE AMO | I98: 203
A99: 35542 | B99: 431 | C99: =B99&"-"&A99&"-"&LEFT(F99,8) -> 431-35542-Faut. Ro | D99: =COUNTIF(Rapprochement!$C$5:$C$2462,'Patrimoine 2018'!C99) -> 1 | E99: 160 | F99: Faut. Rouge B. Visiteur Sanash | G99: SM | H99: COMPTABILITE AMO | I99: 203
A100: 35542 | B100: 432 | C100: =B100&"-"&A100&"-"&LEFT(F100,8) -> 432-35542-Faut. Ro | D100: =COUNTIF(Rapprochement!$C$5:$C$2462,'Patrimoine 2018'!C100) -> 1 | E100: 161 | F100: Faut. Rouge Visit. Sanash B.D. | G100: SM | H100: CONTROLE MEDICAL | I100: 204
...

Sheet Rapprochement
K2: INDEX('Patrimoine 2018'!A$2:A$2567;EQUIV(Rapprochement!$C5;'Patrimoine 2018'!$C$2:$C$2567;0);)
A3: Tableau d'amortissement des immobilsations 2018
A4: Anc. N° inv | B4: Affectation | C4: Clé | D4: How many ? | E4: Code comptable | F4: Date d'acquisition | G4: D E S I G N A T I O N S | H4: Quantité | I4: Valeur d'acquisition | J4: Taux % | K4: EX.ANTERIEURS 31-12-2017 | L4: EXERCICE 2018 | M4: CUMULES | N4: VNC 31-12-2018 | O4: Nbre Jour | P4: Secteur | Q4: Affectation | R4: Ville
A5: 1844 | B5: 906 | C5: =A5&"-"&F5&"-"&LEFT(G5,8) -> 1844-41802-Travaux | D5: 1 | E5: 2128 | F5: 41802 | G5: Travaux D'aluminium | H5: I | I5: 41561 | J5: 20 | K5: 33248.8 | L5: 8312.2 | M5: 41561 | N5: 0 | O5: 365 | P5: =IFERROR(VLOOKUP($C5,'Patrimoine 2018'!$C:$I,COLUMN(E1),0),"") -> SM | Q5: =IFERROR(VLOOKUP($C5,'Patrimoine 2018'!$C:$I,COLUMN(F1),0),"") -> C.D.M. MARRAKECH | R5: =IFERROR(VLOOKUP($C5,'Patrimoine 2018'!$C:$I,COLUMN(G1),0),"") -> 0
A6: 1845 | B6: 910 | C6: =A6&"-"&F6&"-"&LEFT(G6,8) -> 1845-41810-Travaux | D6: 1 | E6: 2128 | F6: 41810 | G6: Travaux de Rénovation de Representatio | H6: I | I6: 34632 | J6: 20 | K6: 27705.6 | L6: 6926.4 | M6: 34632 | N6: 0 | O6: 365 | P6: =IFERROR(VLOOKUP($C6,'Patrimoine 2018'!$C:$I,COLUMN(E2),0),"") -> SM | Q6: =IFERROR(VLOOKUP($C6,'Patrimoine 2018'!$C:$I,COLUMN(F2),0),"") -> CELLULE DE REP. REGIONALE AGADIR | R6: =IFERROR(VLOOKUP($C6,'Patrimoine 2018'!$C:$I,COLUMN(G2),0),"") -> AG
A7: 1927 | B7: 910 | C7: =A7&"-"&F7&"-"&LEFT(G7,8) -> 1927-41810-Travaux | D7: 1 | E7: 2128 | F7: 41810 | G7: Travaux de Rénovation | H7: I | I7: 156408 | J7: 20 | K7: 125126.4 | L7: 31281.6 | M7: 156408 | N7: 0 | O7: 365 | P7: =IFERROR(VLOOKUP($C7,'Patrimoine 2018'!$C:$I,COLUMN(E3),0),"") -> SM | Q7: =IFERROR(VLOOKUP($C7,'Patrimoine 2018'!$C:$I,COLUMN(F3),0),"") -> SECTION | R7: =IFERROR(VLOOKUP($C7,'Patrimoine 2018'!$C:$I,COLUMN(G3),0),"") -> AG
A8: 1843 | B8: 0 | C8: =A8&"-"&F8&"-"&LEFT(G8,8) -> 1843-41816-Travaux | D8: 1 | E8: 2128 | F8: 41816 | G8: Travaux de Ferrnnerie Siège et Annex | H8: I | I8: 48028.1 | J8: 20 | K8: 38422.48 | L8: 9605.62 | M8: 48028.1 | N8: 0 | O8: 365 | P8: =IFERROR(VLOOKUP($C8,'Patrimoine 2018'!$C:$I,COLUMN(E4),0),"") -> SM | Q8: =IFERROR(VLOOKUP($C8,'Patrimoine 2018'!$C:$I,COLUMN(F4),0),"") -> C.D.M. CASA-MERS SULTAN | R8: =IFERROR(VLOOKUP($C8,'Patrimoine 2018'!$C:$I,COLUMN(G4),0),"") -> 0
A9: 1849 | B9: 911 | C9: =A9&"-"&F9&"-"&LEFT(G9,8) -> 1849-41834-Travaux | D9: 1 | E9: 2128 | F9: 41834 | G9: Travaux de Plomberie et de Constructio | H9: I | I9: 38137.8 | J9: 20 | K9: 30510.24 | L9: 7627.56 | M9: 38137.8 | N9: 0 | O9: 365 | P9: =IFERROR(VLOOKUP($C9,'Patrimoine 2018'!$C:$I,COLUMN(E5),0),"") -> SM | Q9: =IFERROR(VLOOKUP($C9,'Patrimoine 2018'!$C:$I,COLUMN(F5),0),"") -> C.D.M. EL JADIDA | R9: =IFERROR(VLOOKUP($C9,'Patrimoine 2018'!$C:$I,COLUMN(G5),0),"") -> EJ
A10: 2058 | B10: 0 | C10: =A10&"-"&F10&"-"&LEFT(G10,8) -> 2058-41970-Kit Rayo | D10: 1 | E10: 2128 | F10: 41970 | G10: Kit Rayonnage Métallique | H10: I | I10: 37000.8 | J10: 20 | K10: 29600.64 | L10: 7400.16 | M10: 37000.8 | N10: 0 | O10: 365 | P10: =IFERROR(VLOOKUP($C10,'Patrimoine 2018'!$C:$I,COLUMN(E6),0),"") -> SM | Q10: =IFERROR(VLOOKUP($C10,'Patrimoine 2018'!$C:$I,COLUMN(F6),0),"") -> GESTION DES PRECOMPTES | R10: =IFERROR(VLOOKUP($C10,'Patrimoine 2018'!$C:$I,COLUMN(G6),0),"") -> ARCH
A11: 2111 | B11: 918 | C11: =A11&"-"&F11&"-"&LEFT(G11,8) -> 2111-42033-Aménagem | D11: 1 | E11: 2128 | F11: 42033 | G11: Aménagement installation en aluminum e | H11: I | I11: 10560 | J11: 20 | K11: 6336 | L11: 2112 | M11: 8448 | N11: 2112 | O11: 365 | P11: =IFERROR(VLOOKUP($C11,'Patrimoine 2018'!$C:$I,COLUMN(E7),0),"") -> SM | Q11: =IFERROR(VLOOKUP($C11,'Patrimoine 2018'!$C:$I,COLUMN(F7),0),"") -> CELLULE DE REPRESENTATION REGIONALE CASA-HAY HASSANI | R11: =IFERROR(VLOOKUP($C11,'Patrimoine 2018'!$C:$I,COLUMN(G7),0),"") -> HH
A12: 2172 | B12: 100 | C12: =A12&"-"&F12&"-"&LEFT(G12,8) -> 2172-42086-TRAVAUX | D12: 1 | E12: 2128 | F12: 42086 | G12: TRAVAUX DE MACONNERIE | H12: I | I12: 25944 | J12: 20 | K12: 15566.4 | L12: 5188.8 | M12: 20755.2 | N12: 5188.8 | O12: 365 | P12: =IFERROR(VLOOKUP($C12,'Patrimoine 2018'!$C:$I,COLUMN(E8),0),"") -> SM | Q12: =IFERROR(VLOOKUP($C12,'Patrimoine 2018'!$C:$I,COLUMN(F8),0),"") -> NON AFFECTES | R12: =IFERROR(VLOOKUP($C12,'Patrimoine 2018'!$C:$I,COLUMN(G8),0),"") -> 0
A13: 2141 | B13: 916 | C13: =A13&"-"&F13&"-"&LEFT(G13,8) -> 2141-42159-Travaux | D13: 1 | E13: 2128 | F13: 42159 | G13: Travaux d'aménagenment | H13: I | I13: 44400 | J13: 20 | K13: 26640 | L13: 8880 | M13: 35520 | N13: 8880 | O13: 365 | P13: =IFERROR(VLOOKUP($C13,'Patrimoine 2018'!$C:$I,COLUMN(E9),0),"") -> SM | Q13: =IFERROR(VLOOKUP($C13,'Patrimoine 2018'!$C:$I,COLUMN(F9),0),"") -> CELLULE DE REPRESENTATION REGIONALE SETTAT | R13: =IFERROR(VLOOKUP($C13,'Patrimoine 2018'!$C:$I,COLUMN(G9),0),"") -> ST
A14: 2159 | B14: 906 | C14: =A14&"-"&F14&"-"&LEFT(G14,8) -> 2159-42200-Travaux | D14: 1 | E14: 2128 | F14: 42200 | G14: Travaux d'aménagement | H14: I | I14: 60840 | J14: 20 | K14: 36504 | L14: 12168 | M14: 48672 | N14: 12168 | O14: 365 | P14: =IFERROR(VLOOKUP($C14,'Patrimoine 2018'!$C:$I,COLUMN(E10),0),"") -> SM | Q14: =IFERROR(VLOOKUP($C14,'Patrimoine 2018'!$C:$I,COLUMN(F10),0),"") -> SECTION | R14: =IFERROR(VLOOKUP($C14,'Patrimoine 2018'!$C:$I,COLUMN(G10),0),"") -> MR
A15: 2166 | B15: 100 | C15: =A15&"-"&F15&"-"&LEFT(G15,8) -> 2166-42249-Centrale | D15: 1 | E15: 2128 | F15: 42249 | G15: Centrale conventionnelle 4 zones | H15: I | I15: 19800 | J15: 20 | K15: 11880 | L15: 3960 | M15: 15840 | N15: 3960 | O15: 365 | P15: =IFERROR(VLOOKUP($C15,'Patrimoine 2018'!$C:$I,COLUMN(E11),0),"") -> SM | Q15: =IFERROR(VLOOKUP($C15,'Patrimoine 2018'!$C:$I,COLUMN(F11),0),"") -> SERVICE DES ARCHIVES | R15: =IFERROR(VLOOKUP($C15,'Patrimoine 2018'!$C:$I,COLUMN(G11),0),"") -> 1
A16: 2197 | B16: 0 | C16: =A16&"-"&F16&"-"&LEFT(G16,8) -> 2197-42286-carte d' | D16: 1 | E16: 2128 | F16: 42286 | G16: carte d'alimentation 16 A | H16: I | I16: 5760 | J16: 20 | K16: 3456 | L16: 1152 | M16: 4608 | N16: 1152 | O16: 365 | P16: =IFERROR(VLOOKUP($C16,'Patrimoine 2018'!$C:$I,COLUMN(E12),0),"") -> SM | Q16: =IFERROR(VLOOKUP($C16,'Patrimoine 2018'!$C:$I,COLUMN(F12),0),"") -> STANDARD | R16: =IFERROR(VLOOKUP($C16,'Patrimoine 2018'!$C:$I,COLUMN(G12),0),"") -> 315
... A65: 2747 | B65: 0 | C65: =A65&"-"&F65&"-"&LEFT(G65,8) -> 2747-43098-TRAVAUX | D65: 0 | E65: 2128 | F65: 43098 | G65: TRAVAUX DE PLOMBRIE | H65: I | I65: 18600 | J65: 20 | K65: 3720 | L65: 3720 | M65: 7440 | N65: 11160 | O65: 365 | P65: =IFERROR(VLOOKUP($C65,'Patrimoine 2018'!$C:$I,COLUMN(E61),0),"") | Q65: =IFERROR(VLOOKUP($C65,'Patrimoine 2018'!$C:$I,COLUMN(F61),0),"") | R65: =IFERROR(VLOOKUP($C65,'Patrimoine 2018'!$C:$I,COLUMN(G61),0),"")
A66: 350 | B66: 0 | C66: =A66&"-"&F66&"-"&LEFT(G66,8) -> 350-36966-Windows | D66: 0 | E66: 2220 | F66: 36966 | G66: Windows 2000 French | H66: I | I66: 45710.4 | J66: 25 | K66: 45710.4 | L66: 0 | M66: 45710.4 | N66: 0 | P66: =IFERROR(VLOOKUP($C66,'Patrimoine 2018'!$C:$I,COLUMN(E62),0),"") | Q66: =IFERROR(VLOOKUP($C66,'Patrimoine 2018'!$C:$I,COLUMN(F62),0),"") | R66: =IFERROR(VLOOKUP($C66,'Patrimoine 2018'!$C:$I,COLUMN(G62),0),"")
A67: 351 | B67: 0 | C67: =A67&"-"&F67&"-"&LEFT(G67,8) -> 351-37001-Proxy Se | D67: 0 | E67: 2220 | F67: 37001 | G67: Proxy Server 2.0 French CD | H67: I | I67: 13992 | J67: 25 | K67: 13992 | L67: 0 | M67: 13992 | N67: 0 | P67: =IFERROR(VLOOKUP($C67,'Patrimoine 2018'!$C:$I,COLUMN(E63),0),"") | Q67: =IFERROR(VLOOKUP($C67,'Patrimoine 2018'!$C:$I,COLUMN(F63),0),"") | R67: =IFERROR(VLOOKUP($C67,'Patrimoine 2018'!$C:$I,COLUMN(G63),0),"")
A68: 570 | B68: 0 | C68: =A68&"-"&F68&"-"&LEFT(G68,8) -> 570-38187-logiciel | D68: 0 | E68: 2220 | F68: 38187 | G68: logiciel windows 2003 | H68: I | I68: 66348 | J68: 25 | K68: 66348 | L68: 0 | M68: 66348 | N68: 0 | P68: =IFERROR(VLOOKUP($C68,'Patrimoine 2018'!$C:$I,COLUMN(E64),0),"") | Q68: =IFERROR(VLOOKUP($C68,'Patrimoine 2018'!$C:$I,COLUMN(F64),0),"") | R68: =IFERROR(VLOOKUP($C68,'Patrimoine 2018'!$C:$I,COLUMN(G64),0),"")
A69: 686 | B69: 0 | C69: =A69&"-"&F69&"-"&LEFT(G69,8) -> 686-38919-Logiciel | D69: 0 | E69: 2220 | F69: 38919 | G69: Logiciel OPTITIME FULL sous Windows 9x | H69: I | I69: 30000 | J69: 25 | K69: 30000 | L69: 0 | M69: 30000 | N69: 0 | P69: =IFERROR(VLOOKUP($C69,'Patrimoine 2018'!$C:$I,COLUMN(E65),0),"") | Q69: =IFERROR(VLOOKUP($C69,'Patrimoine 2018'!$C:$I,COLUMN(F65),0),"") | R69: =IFERROR(VLOOKUP($C69,'Patrimoine 2018'!$C:$I,COLUMN(G65),0),"")
A70: 798 | B70: 0 | C70: =A70&"-"&F70&"-"&LEFT(G70,8) -> 798-39953-Solution | D70: 0 | E70: 2220 | F70: 39953 | G70: Solution Antivirus Anti Spyware Anti S | H70: I | I70: 38808 | J70: 25 | K70: 38808 | L70: 0 | M70: 38808 | N70: 0 | P70: =IFERROR(VLOOKUP($C70,'Patrimoine 2018'!$C:$I,COLUMN(E66),0),"") | Q70: =IFERROR(VLOOKUP($C70,'Patrimoine 2018'!$C:$I,COLUMN(F66),0),"") | R70: =IFERROR(VLOOKUP($C70,'Patrimoine 2018'!$C:$I,COLUMN(G66),0),"")
A71: 884 | B71: 0 | C71: =A71&"-"&F71&"-"&LEFT(G71,8) -> 884-40242-Logiciel | D71: 0 | E71: 2220 | F71: 40242 | G71: Logiciel Windows Server 2008 Entr OLP | H71: I | I71: 34416 | J71: 25 | K71: 34416 | L71: 0 | M71: 34416 | N71: 0 | P71: =IFERROR(VLOOKUP($C71,'Patrimoine 2018'!$C:$I,COLUMN(E67),0),"") | Q71: =IFERROR(VLOOKUP($C71,'Patrimoine 2018'!$C:$I,COLUMN(F67),0),"") | R71: =IFERROR(VLOOKUP($C71,'Patrimoine 2018'!$C:$I,COLUMN(G67),0),"")
A72: 915 | B72: 0 | C72: =A72&"-"&F72&"-"&LEFT(G72,8) -> 915-40373-Mise a J | D72: 0 | E72: 2220 | F72: 40373 | G72: Mise a Jour de la Solution Antivirus | H72: I | I72: 76848 | J72: 25 | K72: 76848 | L72: 0 | M72: 76848 | N72: 0 | P72: =IFERROR(VLOOKUP($C72,'Patrimoine 2018'!$C:$I,COLUMN(E68),0),"") | Q72: =IFERROR(VLOOKUP($C72,'Patrimoine 2018'!$C:$I,COLUMN(F68),0),"") | R72: =IFERROR(VLOOKUP($C72,'Patrimoine 2018'!$C:$I,COLUMN(G68),0),"")
A73: 954 | B73: 0 | C73: =A73&"-"&F73&"-"&LEFT(G73,8) -> 954-40562-Solution | D73: 0 | E73: 2220 | F73: 40562 | G73: Solution de Messagerie Electrique | H73: I | I73: 14400 | J73: 25 | K73: 14400 | L73: 0 | M73: 14400 | N73: 0 | P73: =IFERROR(VLOOKUP($C73,'Patrimoine 2018'!$C:$I,COLUMN(E69),0),"") | Q73: =IFERROR(VLOOKUP($C73,'Patrimoine 2018'!$C:$I,COLUMN(F69),0),"") | R73: =IFERROR(VLOOKUP($C73,'Patrimoine 2018'!$C:$I,COLUMN(G69),0),"")
A74: 1012 | B74: 0 | C74: =A74&"-"&F74&"-"&LEFT(G74,8) -> 1012-40739-Logiciel | D74: 0 | E74: 2220 | F74: 40739 | G74: Logiciels Paramétrage et Mise à Jour | H74: I | I74: 340320 | J74: 25 | K74: 340320 | L74: 0 | M74: 340320 | N74: 0 | P74: =IFERROR(VLOOKUP($C74,'Patrimoine 2018'!$C:$I,COLUMN(E70),0),"") | Q74: =IFERROR(VLOOKUP($C74,'Patrimoine 2018'!$C:$I,COLUMN(F70),0),"") | R74: =IFERROR(VLOOKUP($C74,'Patrimoine 2018'!$C:$I,COLUMN(G70),0),"")
A75: 1632 | B75: 0 | C75: =A75&"-"&F75&"-"&LEFT(G75,8) -> 1632-41183-Logiciel | D75: 1 | E75: 2220 | F75: 41183 | G75: Logiciel Base de Donnée Oracle | H75: I | I75: 114360 | J75: 25 | K75: 114360 | L75: 0 | M75: 114360 | N75: 0 | P75: =IFERROR(VLOOKUP($C75,'Patrimoine 2018'!$C:$I,COLUMN(E71),0),"") -> SM | Q75: =IFERROR(VLOOKUP($C75,'Patrimoine 2018'!$C:$I,COLUMN(F71),0),"") -> Systeme information et communication | R75: =IFERROR(VLOOKUP($C75,'Patrimoine 2018'!$C:$I,COLUMN(G71),0),"") -> 210
A76: 1633 | B76: 0 | C76: =A76&"-"&F76&"-"&LEFT(G76,8) -> 1633-41183-Logiciel | D76: 0 | E76: 2220 | F76: 41183 | G76: Logiciel Unix | H76: I | I76: 91200 | J76: 25 | K76: 91200 | L76: 0 | M76: 91200 | N76: 0 | P76: =IFERROR(VLOOKUP($C76,'Patrimoine 2018'!$C:$I,COLUMN(E72),0),"") | Q76: =IFERROR(VLOOKUP($C76,'Patrimoine 2018'!$C:$I,COLUMN(F72),0),"") | R76: =IFERROR(VLOOKUP($C76,'Patrimoine 2018'!$C:$I,COLUMN(G72),0),"")
A77: 1729 | B77: 0 | C77: =A77&"-"&F77&"-"&LEFT(G77,8) -> 1729-41355-Licence | D77: 1 | E77: 2220 | F77: 41355 | G77: Licence Kaspersky Endpoint | H77: I | I77: 59810 | J77: 25 | K77: 59810 | L77: 0 | M77: 59810 | N77: 0 | P77: =IFERROR(VLOOKUP($C77,'Patrimoine 2018'!$C:$I,COLUMN(E73),0),"") -> SM | Q77: =IFERROR(VLOOKUP($C77,'Patrimoine 2018'!$C:$I,COLUMN(F73),0),"") -> Systeme information et communication | R77: =IFERROR(VLOOKUP($C77,'Patrimoine 2018'!$C:$I,COLUMN(G73),0),"") -> 210
A78: 2038 | B78: 0 | C78: =A78&"-"&F78&"-"&LEFT(G78,8) -> 2038-41680-Logiciel | D78: 1 | E78: 2220 | F78: 41680 | G78: Logiciel avec Licence d'une Pointeuse | H78: I | I78: 30000 | J78: 25 | K78: 29178.08 | L78: 821.92 | M78: 30000 | N78: 0 | O78: 0 | P78: =IFERROR(VLOOKUP($C78,'Patrimoine 2018'!$C:$I,COLUMN(E74),0),"") -> SM | Q78: =IFERROR(VLOOKUP($C78,'Patrimoine 2018'!$C:$I,COLUMN(F74),0),"") -> GESTION DES RESSOURCES HUMAINES | R78: =IFERROR(VLOOKUP($C78,'Patrimoine 2018'!$C:$I,COLUMN(G74),0),"") -> 314
A79: 2076 | B79: 0 | C79: =A79&"-"&F79&"-"&LEFT(G79,8) -> 2076-41976-Licence | D79: 1 | E79: 2220 | F79: 41976 | G79: Licence Kaspersky Select Endpoint Versi | H79: I | I79: 79800 | J79: 25 | K79: 61435.07 | L79: 18364.93 | M79: 79800 | N79: 0 | O79: 0 | P79: =IFERROR(VLOOKUP($C79,'Patrimoine 2018'!$C:$I,COLUMN(E75),0),"") -> SM | Q79: =IFERROR(VLOOKUP($C79,'Patrimoine 2018'!$C:$I,COLUMN(F75),0),"") -> Systeme information et communication | R79: =IFERROR(VLOOKUP($C79,'Patrimoine 2018'!$C:$I,COLUMN(G75),0),"") -> 210
A80: 1 | B80: 906 | C80: =A80&"-"&F80&"-"&LEFT(G80,8) -> 1-30986-Amenagem | D80: 1 | E80: 2327 | F80: 30986 | G80: Amenagement CDM | H80: I | I80: 70000 | J80: 10 | K80: 70000 | L80: 0 | M80: 70000 | N80: 0 | P80: =IFERROR(VLOOKUP($C80,'Patrimoine 2018'!$C:$I,COLUMN(E76),0),"") -> SM | Q80: =IFERROR(VLOOKUP($C80,'Patrimoine 2018'!$C:$I,COLUMN(F76),0),"") -> SECTION | R80: =IFERROR(VLOOKUP($C80,'Patrimoine 2018'!$C:$I,COLUMN(G76),0),"") -> MR
A81: 4 | B81: 909 | C81: =A81&"-"&F81&"-"&LEFT(G81,8) -> 4-32687-Travaux | D81: 1 | E81: 2327 | F81: 32687 | G81: Travaux d'Amenagement Villa | H81: I | I81: 297426 | J81: 10 | K81: 297426 | L81: 0 | M81: 297426 | N81: 0 | P81: =IFERROR(VLOOKUP($C81,'Patrimoine 2018'!$C:$I,COLUMN(E77),0),"") -> SM | Q81: =IFERROR(VLOOKUP($C81,'Patrimoine 2018'!$C:$I,COLUMN(F77),0),"") -> SECTION | R81: =IFERROR(VLOOKUP($C81,'Patrimoine 2018'!$C:$I,COLUMN(G77),0),"") -> RB
A82: 2 | B82: 914 | C82: =A82&"-"&F82&"-"&LEFT(G82,8) -> 2-34344-Amenagem | D82: 1 | E82: 2327 | F82: 34344 | G82: Amenagement - CDM | H82: I | I82: 80000 | J82: 10 | K82: 80000 | L82: 0 | M82: 80000 | N82: 0 | P82: =IFERROR(VLOOKUP($C82,'Patrimoine 2018'!$C:$I,COLUMN(E78),0),"") -> SM | Q82: =IFERROR(VLOOKUP($C82,'Patrimoine 2018'!$C:$I,COLUMN(F78),0),"") -> SECTION | R82: =IFERROR(VLOOKUP($C82,'Patrimoine 2018'!$C:$I,COLUMN(G78),0),"") -> KL
A83: 13 | B83: 914 | C83: =A83&"-"&F83&"-"&LEFT(G83,8) -> 13-34400-Amenagem | D83: 1 | E83: 2327 | F83: 34400 | G83: Amenagement - CDM | H83: I | I83: 36750 | J83: 10 | K83: 36750 | L83: 0 | M83: 36750 | N83: 0 | P83: =IFERROR(VLOOKUP($C83,'Patrimoine 2018'!$C:$I,COLUMN(E79),0),"") -> SM | Q83: =IFERROR(VLOOKUP($C83,'Patrimoine 2018'!$C:$I,COLUMN(F79),0),"") -> SECTION | R83: =IFERROR(VLOOKUP($C83,'Patrimoine 2018'!$C:$I,COLUMN(G79),0),"") -> KL
A84: 185 | B84: 909 | C84: =A84&"-"&F84&"-"&LEFT(G84,8) -> 185-35544-Amenagem | D84: 1 | E84: 2327 | F84: 35544 | G84: Amenagement CDM. Rabat | H84: I | I84: 10850 | J84: 10 | K84: 10850 | L84: 0 | M84: 10850 | N84: 0 | P84: =IFERROR(VLOOKUP($C84,'Patrimoine 2018'!$C:$I,COLUMN(E80),0),"") -> SM | Q84: =IFERROR(VLOOKUP($C84,'Patrimoine 2018'!$C:$I,COLUMN(F80),0),"") -> SECTION | R84: =IFERROR(VLOOKUP($C84,'Patrimoine 2018'!$C:$I,COLUMN(G80),0),"") -> RB
A85: 12 | B85: 909 | C85: =A85&"-"&F85&"-"&LEFT(G85,8) -> 12-35574-Amenagem | D85: 1 | E85: 2327 | F85: 35574 | G85: Amenagement CDM. Rabat | H85: I | I85: 10850 | J85: 10 | K85: 10850 | L85: 0 | M85: 10850 | N85: 0 | P85: =IFERROR(VLOOKUP($C85,'Patrimoine 2018'!$C:$I,COLUMN(E81),0),"") -> SM | Q85: =IFERROR(VLOOKUP($C85,'Patrimoine 2018'!$C:$I,COLUMN(F81),0),"") -> SECTION | R85: =IFERROR(VLOOKUP($C85,'Patrimoine 2018'!$C:$I,COLUMN(G81),0),"") -> RB
A86: 82 | B86: 909 | C86: =A86&"-"&F86&"-"&LEFT(G86,8) -> 82-35830-Amenagem | D86: 1 | E86: 2327 | F86: 35830 | G86: Amenagement CDM-Rabat | H86: I | I86: 542250.45 | J86: 10 | K86: 542250.45 | L86: 0 | M86: 542250.45 | N86: 0 | P86: =IFERROR(VLOOKUP($C86,'Patrimoine 2018'!$C:$I,COLUMN(E82),0),"") -> SM | Q86: =IFERROR(VLOOKUP($C86,'Patrimoine 2018'!$C:$I,COLUMN(F82),0),"") -> SECTION | R86: =IFERROR(VLOOKUP($C86,'Patrimoine 2018'!$C:$I,COLUMN(G82),0),"") -> RB
A87: 13 | B87: 910 | C87: =A87&"-"&F87&"-"&LEFT(G87,8) -> 13-35907-Amenagem | D87: 1 | E87: 2327 | F87: 35907 | G87: Amenagement CDM | H87: I | I87: 470378 | J87: 10 | K87: 470378 | L87: 0 | M87: 470378 | N87: 0 | P87: =IFERROR(VLOOKUP($C87,'Patrimoine 2018'!$C:$I,COLUMN(E83),0),"") -> SM | Q87: =IFERROR(VLOOKUP($C87,'Patrimoine 2018'!$C:$I,COLUMN(F83),0),"") -> SECTION | R87: =IFERROR(VLOOKUP($C87,'Patrimoine 2018'!$C:$I,COLUMN(G83),0),"") -> AG
A88: 224 | B88: 0 | C88: =A88&"-"&F88&"-"&LEFT(G88,8) -> 224-35923-Amenagem | D88: 1 | E88: 2327 | F88: 35923 | G88: Amenagement Siege OMFAM- Extension | H88: I | I88: 782837.5 | J88: 10 | K88: 782837.5 | L88: 0 | M88: 782837.5 | N88: 0 | P88: =IFERROR(VLOOKUP($C88,'Patrimoine 2018'!$C:$I,COLUMN(E84),0),"") -> SM | Q88: =IFERROR(VLOOKUP($C88,'Patrimoine 2018'!$C:$I,COLUMN(F84),0),"") -> NON AFFECTES | R88: =IFERROR(VLOOKUP($C88,'Patrimoine 2018'!$C:$I,COLUMN(G84),0),"") -> 0
A89: 19 | B89: 955 | C89: =A89&"-"&F89&"-"&LEFT(G89,8) -> 19-36003-Amenagem | D89: 0 | E89: 2327 | F89: 36003 | G89: Amenagement - CDM | H89: I | I89: 31178.6 | J89: 10 | K89: 31178.6 | L89: 0 | M89: 31178.6 | N89: 0 | P89: =IFERROR(VLOOKUP($C89,'Patrimoine 2018'!$C:$I,COLUMN(E85),0),"") | Q89: =IFERROR(VLOOKUP($C89,'Patrimoine 2018'!$C:$I,COLUMN(F85),0),"") | R89: =IFERROR(VLOOKUP($C89,'Patrimoine 2018'!$C:$I,COLUMN(G85),0),"")
A90: 113 | B90: 901 | C90: =A90&"-"&F90&"-"&LEFT(G90,8) -> 113-36154-Travaux | D90: 1 | E90: 2327 | F90: 36154 | G90: Travaux D'Amenagement CDM-Mers Sultan | H90: I | I90: 1105489.1 | J90: 10 | K90: 1105489.1 | L90: 0 | M90: 1105489.1 | N90: 0 | P90: =IFERROR(VLOOKUP($C90,'Patrimoine 2018'!$C:$I,COLUMN(E86),0),"") -> SM | Q90: =IFERROR(VLOOKUP($C90,'Patrimoine 2018'!$C:$I,COLUMN(F86),0),"") -> C.D.M. CASA-MERS SULTAN | R90: =IFERROR(VLOOKUP($C90,'Patrimoine 2018'!$C:$I,COLUMN(G86),0),"") -> 0
A91: 271 | B91: 0 | C91: =A91&"-"&F91&"-"&LEFT(G91,8) -> 271-36287-Amenagem | D91: 1 | E91: 2327 | F91: 36287 | G91: Amenagement Siege | H91: I | I91: 46800 | J91: 10 | K91: 46800 | L91: 0 | M91: 46800 | N91: 0 | P91: =IFERROR(VLOOKUP($C91,'Patrimoine 2018'!$C:$I,COLUMN(E87),0),"") -> SM | Q91: =IFERROR(VLOOKUP($C91,'Patrimoine 2018'!$C:$I,COLUMN(F87),0),"") -> NON AFFECTES | R91: =IFERROR(VLOOKUP($C91,'Patrimoine 2018'!$C:$I,COLUMN(G87),0),"") -> 0
... A119: 102 | B119: 916 | C119: =A119&"-"&F119&"-"&LEFT(G119,8) -> 102-39377-Travaux | D119: 1 | E119: 2327 | F119: 39377 | G119: Travaux Construction+Peinture Labo | H119: I | I119: 44862 | J119: 10 | K119: 44862 | L119: 0 | M119: 44862 | N119: 0 | P119: =IFERROR(VLOOKUP($C119,'Patrimoine 2018'!$C:$I,COLUMN(E115),0),"") -> SM | Q119: =IFERROR(VLOOKUP($C119,'Patrimoine 2018'!$C:$I,COLUMN(F115),0),"") -> CELLULE DE REPRESENTATION REGIONALE SETTAT | R119: =IFERROR(VLOOKUP($C119,'Patrimoine 2018'!$C:$I,COLUMN(G115),0),"") -> ST
A120: 225 | B120: 906 | C120: =A120&"-"&F120&"-"&LEFT(G120,8) -> 225-39486-Amenagem | D120: 1 | E120: 2327 | F120: 39486 | G120: Amenagement Niche+Revetement en Marbre | H120: I | I120: 40544.1 | J120: 10 | K120: 40122 | L120: 422.1 | M120: 40544.1 | N120: 0 | O120: 0 | P120: =IFERROR(VLOOKUP($C120,'Patrimoine 2018'!$C:$I,COLUMN(E116),0),"") -> SM | Q120: =IFERROR(VLOOKUP($C120,'Patrimoine 2018'!$C:$I,COLUMN(F116),0),"") -> SECTION | R120: =IFERROR(VLOOKUP($C120,'Patrimoine 2018'!$C:$I,COLUMN(G116),0),"") -> MR
A121: 746 | B121: 0 | C121: =A121&"-"&F121&"-"&LEFT(G121,8) -> 746-39518-Travaux | D121: 1 | E121: 2327 | F121: 39518 | G121: Travaux De Construction De L'annexe | H121: I | I121: 47081.19 | J121: 10 | K121: 46178.27 | L121: 902.92 | M121: 47081.19 | N121: 0 | O121: 0 | P121: =IFERROR(VLOOKUP($C121,'Patrimoine 2018'!$C:$I,COLUMN(E117),0),"") -> SM | Q121: =IFERROR(VLOOKUP($C121,'Patrimoine 2018'!$C:$I,COLUMN(F117),0),"") -> NON AFFECTES | R121: =IFERROR(VLOOKUP($C121,'Patrimoine 2018'!$C:$I,COLUMN(G117),0),"") -> 0
A122: 85 | B122: 914 | C122: =A122&"-"&F122&"-"&LEFT(G122,8) -> 85-39639-Travaux | D122: 1 | E122: 2327 | F122: 39639 | G122: Travaux D'amenagement Labo EL KELAA | H122: I | I122: 75449.53 | J122: 10 | K122: 71501.32 | L122: 3948.21 | M122: 75449.53 | N122: 0 | O122: 0 | P122: =IFERROR(VLOOKUP($C122,'Patrimoine 2018'!$C:$I,COLUMN(E118),0),"") -> SM | Q122: =IFERROR(VLOOKUP($C122,'Patrimoine 2018'!$C:$I,COLUMN(F118),0),"") -> SECTION | R122: =IFERROR(VLOOKUP($C122,'Patrimoine 2018'!$C:$I,COLUMN(G118),0),"") -> KL
A123: 65 | B123: 910 | C123: =A123&"-"&F123&"-"&LEFT(G123,8) -> 65-39693-Amenagem | D123: 1 | E123: 2327 | F123: 39693 | G123: Amenagement D'un Bureau Cabinet Agadir | H123: I | I123: 30745.26 | J123: 10 | K123: 28681.57 | L123: 2063.69 | M123: 30745.26 | N123: 0 | O123: 0 | P123: =IFERROR(VLOOKUP($C123,'Patrimoine 2018'!$C:$I,COLUMN(E119),0),"") -> SM | Q123: =IFERROR(VLOOKUP($C123,'Patrimoine 2018'!$C:$I,COLUMN(F119),0),"") -> SECTION | R123: =IFERROR(VLOOKUP($C123,'Patrimoine 2018'!$C:$I,COLUMN(G119),0),"") -> AG
A124: 795 | B124: 0 | C124: =A124&"-"&F124&"-"&LEFT(G124,8) -> 795-39937-Guillage | D124: 1 | E124: 2327 | F124: 39937 | G124: Guillages | H124: I | I124: 8600 | J124: 10 | K124: 7450.19 | L124: 860 | M124: 8310.19 | N124: 289.81 | O124: 365 | P124: =IFERROR(VLOOKUP($C124,'Patrimoine 2018'!$C:$I,COLUMN(E120),0),"") -> SM | Q124: =IFERROR(VLOOKUP($C124,'Patrimoine 2018'!$C:$I,COLUMN(F120),0),"") -> NON AFFECTES | R124: =IFERROR(VLOOKUP($C124,'Patrimoine 2018'!$C:$I,COLUMN(G120),0),"") -> 0
A125: 814 | B125: 0 | C125: =A125&"-"&F125&"-"&LEFT(G125,8) -> 814-39979-Travaux | D125: 1 | E125: 2327 | F125: 39979 | G125: Travaux de Demolution de L'espace D'ac | H125: I | I125: 18066 | J125: 10 | K125: 15442.72 | L125: 1806.6 | M125: 17249.32 | N125: 816.68 | O125: 365 | P125: =IFERROR(VLOOKUP($C125,'Patrimoine 2018'!$C:$I,COLUMN(E121),0),"") -> SM | Q125: =IFERROR(VLOOKUP($C125,'Patrimoine 2018'!$C:$I,COLUMN(F121),0),"") -> NON AFFECTES | R125: =IFERROR(VLOOKUP($C125,'Patrimoine 2018'!$C:$I,COLUMN(G121),0),"") -> 0
A126: 211 | B126: 901 | C126: =A126&"-"&F126&"-"&LEFT(G126,8) -> 211-39129-Cycle Mo | D126: 1 | E126: 2340 | F126: 39129 | G126: Cycle Moteur MBK 88L | H126: I | I126: 10000 | J126: 10 | K126: 10000 | L126: 0 | M126: 10000 | N126: 0 | P126: =IFERROR(VLOOKUP($C126,'Patrimoine 2018'!$C:$I,COLUMN(E122),0),"") -> SM | Q126: =IFERROR(VLOOKUP($C126,'Patrimoine 2018'!$C:$I,COLUMN(F122),0),"") -> DE LA GESTION DU PATRIMOINE ET DU PARC AUTO | R126: =IFERROR(VLOOKUP($C126,'Patrimoine 2018'!$C:$I,COLUMN(G122),0),"") -> 4
A127: 30 | B127: 0 | C127: =A127&"-"&F127&"-"&LEFT(G127,8) -> 30-30712-Bureaux | D127: 1 | E127: 2351 | F127: 30712 | G127: Bureaux Et Placards Condorcet | H127: I | I127: 19000 | J127: 10 | K127: 19000 | L127: 0 | M127: 19000 | N127: 0 | P127: =IFERROR(VLOOKUP($C127,'Patrimoine 2018'!$C:$I,COLUMN(E123),0),"") -> SM | Q127: =IFERROR(VLOOKUP($C127,'Patrimoine 2018'!$C:$I,COLUMN(F123),0),"") -> ADHESIONS & AVIS DE MODIFICATION | R127: =IFERROR(VLOOKUP($C127,'Patrimoine 2018'!$C:$I,COLUMN(G123),0),"") -> 313
A128: 33 | B128: 0 | C128: =A128&"-"&F128&"-"&LEFT(G128,8) -> 33-31291-Table Re | D128: 1 | E128: 2351 | F128: 31291 | G128: Table Reunion 30 Places | H128: I | I128: 7320 | J128: 10 | K128: 7320 | L128: 0 | M128: 7320 | N128: 0 | P128: =IFERROR(VLOOKUP($C128,'Patrimoine 2018'!$C:$I,COLUMN(E124),0),"") -> SM | Q128: =IFERROR(VLOOKUP($C128,'Patrimoine 2018'!$C:$I,COLUMN(F124),0),"") -> GENERAUX | R128: =IFERROR(VLOOKUP($C128,'Patrimoine 2018'!$C:$I,COLUMN(G124),0),"") -> 6
A129: 34 | B129: 0 | C129: =A129&"-"&F129&"-"&LEFT(G129,8) -> 34-31457-Bureu Pr | D129: 1 | E129: 2351 | F129: 31457 | G129: Bureu President En Bois | H129: I | I129: 3950 | J129: 10 | K129: 3950 | L129: 0 | M129: 3950 | N129: 0 | P129: =IFERROR(VLOOKUP($C129,'Patrimoine 2018'!$C:$I,COLUMN(E125),0),"") -> SM | Q129: =IFERROR(VLOOKUP($C129,'Patrimoine 2018'!$C:$I,COLUMN(F125),0),"") -> FINANCIER & COMPTABLE | R129: =IFERROR(VLOOKUP($C129,'Patrimoine 2018'!$C:$I,COLUMN(G125),0),"") -> 307
A130: 145 | B130: 901 | C130: =A130&"-"&F130&"-"&LEFT(G130,8) -> 145-31523-Table En | D130: 1 | E130: 2351 | F130: 31523 | G130: Table En Teck S.S | H130: I | I130: 2000 | J130: 10 | K130: 2000 | L130: 0 | M130: 2000 | N130: 0 | P130: =IFERROR(VLOOKUP($C130,'Patrimoine 2018'!$C:$I,COLUMN(E126),0),"") -> SM | Q130: =IFERROR(VLOOKUP($C130,'Patrimoine 2018'!$C:$I,COLUMN(F126),0),"") -> C.D.M. CASA-MERS SULTAN | R130: =IFERROR(VLOOKUP($C130,'Patrimoine 2018'!$C:$I,COLUMN(G126),0),"") -> 0
A131: 40 | B131: 905 | C131: =A131&"-"&F131&"-"&LEFT(G131,8) -> 40-31779-Bureau e | D131: 1 | E131: 2351 | F131: 31779 | G131: Bureau en Teck 1.5m Pour Medecin | H131: I | I131: 1100 | J131: 10 | K131: 1100 | L131: 0 | M131: 1100 | N131: 0 | P131: =IFERROR(VLOOKUP($C131,'Patrimoine 2018'!$C:$I,COLUMN(E127),0),"") -> SM | Q131: =IFERROR(VLOOKUP($C131,'Patrimoine 2018'!$C:$I,COLUMN(F127),0),"") -> CELLULE DE REPRESENTATION REGIONALE FKIH BEN SALAH | R131: =IFERROR(VLOOKUP($C131,'Patrimoine 2018'!$C:$I,COLUMN(G127),0),"") -> FB
A132: 22 | B132: 903 | C132: =A132&"-"&F132&"-"&LEFT(G132,8) -> 22-32142-Bureau a | D132: 1 | E132: 2351 | F132: 32142 | G132: Bureau a 1.5 m En Teck | H132: I | I132: 1250 | J132: 10 | K132: 1250 | L132: 0 | M132: 1250 | N132: 0 | P132: =IFERROR(VLOOKUP($C132,'Patrimoine 2018'!$C:$I,COLUMN(E128),0),"") -> SM | Q132: =IFERROR(VLOOKUP($C132,'Patrimoine 2018'!$C:$I,COLUMN(F128),0),"") -> CELLULE DE REPRESENTATION REGIONALE CASA-MAARIF | R132: =IFERROR(VLOOKUP($C132,'Patrimoine 2018'!$C:$I,COLUMN(G128),0),"") -> MRF
A133: 24 | B133: 903 | C133: =A133&"-"&F133&"-"&LEFT(G133,8) -> 24-32142-Chaise E | D133: 1 | E133: 2351 | F133: 32142 | G133: Chaise En Skai Noir | H133: I | I133: 150 | J133: 10 | K133: 150 | L133: 0 | M133: 150 | N133: 0 | P133: =IFERROR(VLOOKUP($C133,'Patrimoine 2018'!$C:$I,COLUMN(E129),0),"") -> SM | Q133: =IFERROR(VLOOKUP($C133,'Patrimoine 2018'!$C:$I,COLUMN(F129),0),"") -> CELLULE DE REPRESENTATION REGIONALE CASA-MAARIF | R133: =IFERROR(VLOOKUP($C133,'Patrimoine 2018'!$C:$I,COLUMN(G129),0),"") -> MRF
A134: 25 | B134: 903 | C134: =A134&"-"&F134&"-"&LEFT(G134,8) -> 25-32142-Chaise E | D134: 1 | E134: 2351 | F134: 32142 | G134: Chaise En Skai Noir | H134: I | I134: 150 | J134: 10 | K134: 150 | L134: 0 | M134: 150 | N134: 0 | P134: =IFERROR(VLOOKUP($C134,'Patrimoine 2018'!$C:$I,COLUMN(E130),0),"") -> SM | Q134: =IFERROR(VLOOKUP($C134,'Patrimoine 2018'!$C:$I,COLUMN(F130),0),"") -> CELLULE DE REPRESENTATION REGIONALE CASA-MAARIF | R134: =IFERROR(VLOOKUP($C134,'Patrimoine 2018'!$C:$I,COLUMN(G130),0),"") -> MRF
A135: 28 | B135: 903 | C135: =A135&"-"&F135&"-"&LEFT(G135,8) -> 28-32142-Meuble d | D135: 1 | E135: 2351 | F135: 32142 | G135: Meuble de Rangement Avec Tir.1.5m/50 | H135: I | I135: 1000 | J135: 10 | K135: 1000 | L135: 0 | M135: 1000 | N135: 0 | P135: =IFERROR(VLOOKUP($C135,'Patrimoine 2018'!$C:$I,COLUMN(E131),0),"") -> SM | Q135: =IFERROR(VLOOKUP($C135,'Patrimoine 2018'!$C:$I,COLUMN(F131),0),"") -> CELLULE DE REPRESENTATION REGIONALE CASA-MAARIF | R135: =IFERROR(VLOOKUP($C135,'Patrimoine 2018'!$C:$I,COLUMN(G131),0),"") -> MRF
A136: 8 | B136: 903 | C136: =A136&"-"&F136&"-"&LEFT(G136,8) -> 8-32142-Meuble d | D136: 1 | E136: 2351 | F136: 32142 | G136: Meuble de Rangement a 1 Porte En Teck | H136: I | I136: 1500 | J136: 10 | K136: 1500 | L136: 0 | M136: 1500 | N136: 0 | P136: =IFERROR(VLOOKUP($C136,'Patrimoine 2018'!$C:$I,COLUMN(E132),0),"") -> SM | Q136: =IFERROR(VLOOKUP($C136,'Patrimoine 2018'!$C:$I,COLUMN(F132),0),"") -> CELLULE DE REPRESENTATION REGIONALE CASA-MAARIF | R136: =IFERROR(VLOOKUP($C136,'Patrimoine 2018'!$C:$I,COLUMN(G132),0),"") -> MRF
A137: 92 | B137: 904 | C137: =A137&"-"&F137&"-"&LEFT(G137,8) -> 92-32168-1Table e | D137: 1 | E137: 2351 | F137: 32168 | G137: 1Table en Bois Pour Sterilisateur | H137: I | I137: 2200 | J137: 10 | K137: 2200 | L137: 0 | M137: 2200 | N137: 0 | P137: =IFERROR(VLOOKUP($C137,'Patrimoine 2018'!$C:$I,COLUMN(E133),0),"") -> SM | Q137: =IFERROR(VLOOKUP($C137,'Patrimoine 2018'!$C:$I,COLUMN(F133),0),"") -> C.D.M. CASA-DAR LAMANE | R137: =IFERROR(VLOOKUP($C137,'Patrimoine 2018'!$C:$I,COLUMN(G133),0),"") -> DR
... A605: 219 | B605: 909 | C605: =A605&"-"&F605&"-"&LEFT(G605,8) -> 219-39414-Bureau a | D605: 1 | E605: 2351 | F605: 39414 | G605: Bureau avec Caisson 120*80*72 B.Liq.2 | H605: I | I605: 1788 | J605: 10 | K605: 1788 | L605: 0 | M605: 1788 | N605: 0 | P605: =IFERROR(VLOOKUP($C605,'Patrimoine 2018'!$C:$I,COLUMN(E601),0),"") -> SM | Q605: =IFERROR(VLOOKUP($C605,'Patrimoine 2018'!$C:$I,COLUMN(F601),0),"") -> DE LA GESTION DU PATRIMOINE ET DU PARC AUTO | R605: =IFERROR(VLOOKUP($C605,'Patrimoine 2018'!$C:$I,COLUMN(G601),0),"") -> 205.
A606: 740 | B606: 0 | C606: =A606&"-"&F606&"-"&LEFT(G606,8) -> 740-39469-Fauteuil | D606: 0 | E606: 2351 | F606: 39469 | G606: Fauteuil Visiteur Fixe en Tissu Bleu | H606: I | I606: 564 | J606: 10 | K606: 560.76 | L606: 3.24 | M606: 564 | N606: 0 | O606: 0 | P606: =IFERROR(VLOOKUP($C606,'Patrimoine 2018'!$C:$I,COLUMN(E602),0),"") | Q606: =IFERROR(VLOOKUP($C606,'Patrimoine 2018'!$C:$I,COLUMN(F602),0),"") | R606: =IFERROR(VLOOKUP($C606,'Patrimoine 2018'!$C:$I,COLUMN(G602),0),"")
A607: 741 | B607: 0 | C607: =A607&"-"&F607&"-"&LEFT(G607,8) -> 741-39469-Fauteuil | D607: 1 | E607: 2351 | F607: 39469 | G607: Fauteuil Visiteur Fixe en Tissu Bleu | H607: I | I607: 564 | J607: 10 | K607: 560.76 | L607: 3.24 | M607: 564 | N607: 0 | O607: 0 | P607: =IFERROR(VLOOKUP($C607,'Patrimoine 2018'!$C:$I,COLUMN(E603),0),"") -> SM | Q607: =IFERROR(VLOOKUP($C607,'Patrimoine 2018'!$C:$I,COLUMN(F603),0),"") -> STANDARD | R607: =IFERROR(VLOOKUP($C607,'Patrimoine 2018'!$C:$I,COLUMN(G603),0),"") -> 315
A608: 742 | B608: 0 | C608: =A608&"-"&F608&"-"&LEFT(G608,8) -> 742-39469-Fauteuil | D608: 0 | E608: 2351 | F608: 39469 | G608: Fauteuil Visiteur Fixe en Tissu Bleu | H608: I | I608: 564 | J608: 10 | K608: 560.76 | L608: 3.24 | M608: 564 | N608: 0 | O608: 0 | P608: =IFERROR(VLOOKUP($C608,'Patrimoine 2018'!$C:$I,COLUMN(E604),0),"") | Q608: =IFERROR(VLOOKUP($C608,'Patrimoine 2018'!$C:$I,COLUMN(F604),0),"") | R608: =IFERROR(VLOOKUP($C608,'Patrimoine 2018'!$C:$I,COLUMN(G604),0),"")
A609: 743 | B609: 0 | C609: =A609&"-"&F609&"-"&LEFT(G609,8) -> 743-39469-Fauteuil | D609: 0 | E609: 2351 | F609: 39469 | G609: Fauteuil Visiteur Fixe en Tissu Bleu | H609: I | I609: 564 | J609: 10 | K609: 560.76 | L609: 3.24 | M609: 564 | N609: 0 | O609: 0 | P609: =IFERROR(VLOOKUP($C609,'Patrimoine 2018'!$C:$I,COLUMN(E605),0),"") | Q609: =IFERROR(VLOOKUP($C609,'Patrimoine 2018'!$C:$I,COLUMN(F605),0),"") | R609: =IFERROR(VLOOKUP($C609,'Patrimoine 2018'!$C:$I,COLUMN(G605),0),"")
A610: 65 | B610: 911 | C610: =A610&"-"&F610&"-"&LEFT(G610,8) -> 65-39645-Fauteuil | D610: 0 | E610: 2351 | F610: 39645 | G610: Fauteuil en Tissu Noir /Roulettes ARCAD | H610: I | I610: 2148 | J610: 10 | K610: 2032.07 | L610: 115.93 | M610: 2148 | N610: 0 | O610: 0 | P610: =IFERROR(VLOOKUP($C610,'Patrimoine 2018'!$C:$I,COLUMN(E606),0),"") | Q610: =IFERROR(VLOOKUP($C610,'Patrimoine 2018'!$C:$I,COLUMN(F606),0),"") | R610: =IFERROR(VLOOKUP($C610,'Patrimoine 2018'!$C:$I,COLUMN(G606),0),"")
A611: 762 | B611: 0 | C611: =A611&"-"&F611&"-"&LEFT(G611,8) -> 762-39650-Armoir e | D611: 1 | E611: 2351 | F611: 39650 | G611: Armoir en Bois pour Classer Les Dossier | H611: I | I611: 2300 | J611: 10 | K611: 2172.71 | L611: 127.29 | M611: 2300 | N611: 0 | O611: 0 | P611: =IFERROR(VLOOKUP($C611,'Patrimoine 2018'!$C:$I,COLUMN(E607),0),"") -> SM | Q611: =IFERROR(VLOOKUP($C611,'Patrimoine 2018'!$C:$I,COLUMN(F607),0),"") -> ADHESIONS & AVIS DE MODIFICATION | R611: =IFERROR(VLOOKUP($C611,'Patrimoine 2018'!$C:$I,COLUMN(G607),0),"") -> RC3
A612: 763 | B612: 0 | C612: =A612&"-"&F612&"-"&LEFT(G612,8) -> 763-39672-Fauteuil | D612: 1 | E612: 2351 | F612: 39672 | G612: Fauteuil en Tissu Bleu/Roulettes ONASSI | H612: I | I612: 1788 | J612: 10 | K612: 1678.27 | L612: 109.73 | M612: 1788 | N612: 0 | O612: 0 | P612: =IFERROR(VLOOKUP($C612,'Patrimoine 2018'!$C:$I,COLUMN(E608),0),"") -> SM | Q612: =IFERROR(VLOOKUP($C612,'Patrimoine 2018'!$C:$I,COLUMN(F608),0),"") -> GESTION DES RESSOURCES HUMAINES | R612: =IFERROR(VLOOKUP($C612,'Patrimoine 2018'!$C:$I,COLUMN(G608),0),"") -> 314
A613: 764 | B613: 0 | C613: =A613&"-"&F613&"-"&LEFT(G613,8) -> 764-39672-Fauteuil | D613: 1 | E613: 2351 | F613: 39672 | G613: Fauteuil en Tissu Bleu/Roulettes ONASSI | H613: I | I613: 1788 | J613: 10 | K613: 1678.27 | L613: 109.73 | M613: 1788 | N613: 0 | O613: 0 | P613: =IFERROR(VLOOKUP($C613,'Patrimoine 2018'!$C:$I,COLUMN(E609),0),"") -> SM | Q613: =IFERROR(VLOOKUP($C613,'Patrimoine 2018'!$C:$I,COLUMN(F609),0),"") -> GESTION DES RESSOURCES HUMAINES | R613: =IFERROR(VLOOKUP($C613,'Patrimoine 2018'!$C:$I,COLUMN(G609),0),"") -> 314
A614: 94 | B614: 908 | C614: =A614&"-"&F614&"-"&LEFT(G614,8) -> 94-39769-Chaise B | D614: 1 | E614: 2351 | F614: 39769 | G614: Chaise Bleu Bureau Responsable | H614: I | I614: 564 | J614: 10 | K614: 514.4 | L614: 49.6 | M614: 564 | N614: 0 | O614: 0 | P614: =IFERROR(VLOOKUP($C614,'Patrimoine 2018'!$C:$I,COLUMN(E610),0),"") -> SM | Q614: =IFERROR(VLOOKUP($C614,'Patrimoine 2018'!$C:$I,COLUMN(F610),0),"") -> C.D.M. LAAYOUNE | R614: =IFERROR(VLOOKUP($C614,'Patrimoine 2018'!$C:$I,COLUMN(G610),0),"") -> LY
A615: 95 | B615: 908 | C615: =A615&"-"&F615&"-"&LEFT(G615,8) -> 95-39769-Chaise B | D615: 1 | E615: 2351 | F615: 39769 | G615: Chaise Bleu Bureau Responsable | H615: I | I615: 564 | J615: 10 | K615: 514.4 | L615: 49.6 | M615: 564 | N615: 0 | O615: 0 | P615: =IFERROR(VLOOKUP($C615,'Patrimoine 2018'!$C:$I,COLUMN(E611),0),"") -> SM | Q615: =IFERROR(VLOOKUP($C615,'Patrimoine 2018'!$C:$I,COLUMN(F611),0),"") -> C.D.M. LAAYOUNE | R615: =IFERROR(VLOOKUP($C615,'Patrimoine 2018'!$C:$I,COLUMN(G611),0),"") -> LY
A616: 789 | B616: 0 | C616: =A616&"-"&F616&"-"&LEFT(G616,8) -> 789-39827-Beblioth | D616: 0 | E616: 2351 | F616: 39827 | G616: Bebliotheque pour Classement Dossier | H616: I | I616: 2000 | J616: 10 | K616: 1792.88 | L616: 200 | M616: 1992.88 | N616: 7.12 | O616: 365 | P616: =IFERROR(VLOOKUP($C616,'Patrimoine 2018'!$C:$I,COLUMN(E612),0),"") | Q616: =IFERROR(VLOOKUP($C616,'Patrimoine 2018'!$C:$I,COLUMN(F612),0),"") | R616: =IFERROR(VLOOKUP($C616,'Patrimoine 2018'!$C:$I,COLUMN(G612),0),"")
A617: 790 | B617: 0 | C617: =A617&"-"&F617&"-"&LEFT(G617,8) -> 790-39827-Beblioth | D617: 0 | E617: 2351 | F617: 39827 | G617: Bebliotheque pour Classement Dossier | H617: I | I617: 2000 | J617: 10 | K617: 1792.88 | L617: 200 | M617: 1992.88 | N617: 7.12 | O617: 365 | P617: =IFERROR(VLOOKUP($C617,'Patrimoine 2018'!$C:$I,COLUMN(E613),0),"") | Q617: =IFERROR(VLOOKUP($C617,'Patrimoine 2018'!$C:$I,COLUMN(F613),0),"") | R617: =IFERROR(VLOOKUP($C617,'Patrimoine 2018'!$C:$I,COLUMN(G613),0),"")
... A1289: 2754 | B1289: 0 | C1289: =A1289&"-"&F1289&"-"&LEFT(G1289,8) -> 2754-43084-CAISSON | D1289: 1 | E1289: 2351 | F1289: 43084 | G1289: CAISSON EN BOIS | H1289: I | I1289: 1440 | J1289: 10 | K1289: 6.71 | L1289: 144 | M1289: 150.71 | N1289: 1289.29 | O1289: 365 | P1289: =IFERROR(VLOOKUP($C1289,'Patrimoine 2018'!$C:$I,COLUMN(E1285),0),"") -> SM | Q1289: =IFERROR(VLOOKUP($C1289,'Patrimoine 2018'!$C:$I,COLUMN(F1285),0),"") -> SERVICE TRAITEMENT DES REJETS | R1289: =IFERROR(VLOOKUP($C1289,'Patrimoine 2018'!$C:$I,COLUMN(G1285),0),"") -> 7
A1290: 2758 | B1290: 908 | C1290: =A1290&"-"&F1290&"-"&LEFT(G1290,8) -> 2758-43115-ARMOIRE | D1290: 1 | E1290: 2351 | F1290: 43115 | G1290: ARMOIRE METAL L120*P45*H200 GRIS | H1290: I | I1290: 3588 | J1290: 10 | L1290: 345.04 | M1290: 345.04 | N1290: 3242.96 | O1290: 351 | P1290: =IFERROR(VLOOKUP($C1290,'Patrimoine 2018'!$C:$I,COLUMN(E1286),0),"") -> SM | Q1290: =IFERROR(VLOOKUP($C1290,'Patrimoine 2018'!$C:$I,COLUMN(F1286),0),"") -> CELLULE DE REPRESENTATION REGIONALE LAAYOUNE | R1290: =IFERROR(VLOOKUP($C1290,'Patrimoine 2018'!$C:$I,COLUMN(G1286),0),"") -> LY
A1291: 2759 | B1291: 908 | C1291: =A1291&"-"&F1291&"-"&LEFT(G1291,8) -> 2759-43115-SIEGE DE | D1291: 1 | E1291: 2351 | F1291: 43115 | G1291: SIEGE DE TRAVAIL SUR ROULETTES | H1291: I | I1291: 2940 | J1291: 10 | L1291: 282.72 | M1291: 282.72 | N1291: 2657.28 | O1291: 351 | P1291: =IFERROR(VLOOKUP($C1291,'Patrimoine 2018'!$C:$I,COLUMN(E1287),0),"") -> SM | Q1291: =IFERROR(VLOOKUP($C1291,'Patrimoine 2018'!$C:$I,COLUMN(F1287),0),"") -> CELLULE DE REPRESENTATION REGIONALE LAAYOUNE | R1291: =IFERROR(VLOOKUP($C1291,'Patrimoine 2018'!$C:$I,COLUMN(G1287),0),"") -> LY
A1292: 2760 | B1292: 908 | C1292: =A1292&"-"&F1292&"-"&LEFT(G1292,8) -> 2760-43115-SIEGE DE | D1292: 1 | E1292: 2351 | F1292: 43115 | G1292: SIEGE DE TRAVAIL SUR ROULETTES | H1292: I | I1292: 2940 | J1292: 10 | L1292: 282.72 | M1292: 282.72 | N1292: 2657.28 | O1292: 351 | P1292: =IFERROR(VLOOKUP($C1292,'Patrimoine 2018'!$C:$I,COLUMN(E1288),0),"") -> SM | Q1292: =IFERROR(VLOOKUP($C1292,'Patrimoine 2018'!$C:$I,COLUMN(F1288),0),"") -> CELLULE DE REPRESENTATION REGIONALE LAAYOUNE | R1292: =IFERROR(VLOOKUP($C1292,'Patrimoine 2018'!$C:$I,COLUMN(G1288),0),"") -> LY
A1293: 2765 | B1293: 909 | C1293: =A1293&"-"&F1293&"-"&LEFT(G1293,8) -> 2765-43181-FAUTEIL | D1293: 0 | E1293: 2351 | F1293: 43181 | G1293: FAUTEIL DE TRAVAIL EN CUIR AVEC ACCOUDO | H1293: I | I1293: 2388 | J1293: 10 | L1293: 186.46 | M1293: 186.46 | N1293: 2201.54 | O1293: 285 | P1293: =IFERROR(VLOOKUP($C1293,'Patrimoine 2018'!$C:$I,COLUMN(E1289),0),"") | Q1293: =IFERROR(VLOOKUP($C1293,'Patrimoine 2018'!$C:$I,COLUMN(F1289),0),"") | R1293: =IFERROR(VLOOKUP($C1293,'Patrimoine 2018'!$C:$I,COLUMN(G1289),0),"")
A1294: 2766 | B1294: 909 | C1294: =A1294&"-"&F1294&"-"&LEFT(G1294,8) -> 2766-43181-FAUTEIL | D1294: 0 | E1294: 2351 | F1294: 43181 | G1294: FAUTEIL DE TRAVAIL EN CUIR AVEC ACCOUDO | H1294: I | I1294: 2388 | J1294: 10 | L1294: 186.46 | M1294: 186.46 | N1294: 2201.54 | O1294: 285 | P1294: =IFERROR(VLOOKUP($C1294,'Patrimoine 2018'!$C:$I,COLUMN(E1290),0),"") | Q1294: =IFERROR(VLOOKUP($C1294,'Patrimoine 2018'!$C:$I,COLUMN(F1290),0),"") | R1294: =IFERROR(VLOOKUP($C1294,'Patrimoine 2018'!$C:$I,COLUMN(G1290),0),"")
A1295: 2767 | B1295: 909 | C1295: =A1295&"-"&F1295&"-"&LEFT(G1295,8) -> 2767-43181-FAUTEIL | D1295: 0 | E1295: 2351 | F1295: 43181 | G1295: FAUTEIL DE TRAVAIL EN CUIR AVEC ACCOUDO | H1295: I | I1295: 2388 | J1295: 10 | L1295: 186.46 | M1295: 186.46 | N1295: 2201.54 | O1295: 285 | P1295: =IFERROR(VLOOKUP($C1295,'Patrimoine 2018'!$C:$I,COLUMN(E1291),0),"") | Q1295: =IFERROR(VLOOKUP($C1295,'Patrimoine 2018'!$C:$I,COLUMN(F1291),0),"") | R1295: =IFERROR(VLOOKUP($C1295,'Patrimoine 2018'!$C:$I,COLUMN(G1291),0),"")
A1296: 2768 | B1296: 909 | C1296: =A1296&"-"&F1296&"-"&LEFT(G1296,8) -> 2768-43181-FAUTEIL | D1296: 0 | E1296: 2351 | F1296: 43181 | G1296: FAUTEIL DE TRAVAIL EN CUIR AVEC ACCOUDO | H1296: I | I1296: 2388 | J1296: 10 | L1296: 186.46 | M1296: 186.46 | N1296: 2201.54 | O1296: 285 | P1296: =IFERROR(VLOOKUP($C1296,'Patrimoine 2018'!$C:$I,COLUMN(E1292),0),"") | Q1296: =IFERROR(VLOOKUP($C1296,'Patrimoine 2018'!$C:$I,COLUMN(F1292),0),"") | R1296: =IFERROR(VLOOKUP($C1296,'Patrimoine 2018'!$C:$I,COLUMN(G1292),0),"")
A1297: 2769 | B1297: 909 | C1297: =A1297&"-"&F1297&"-"&LEFT(G1297,8) -> 2769-43181-FAUTEIL | D1297: 0 | E1297: 2351 | F1297: 43181 | G1297: FAUTEIL DE TRAVAIL EN CUIR AVEC ACCOUDO | H1297: I | I1297: 2388 | J1297: 10 | L1297: 186.46 | M1297: 186.46 | N1297: 2201.54 | O1297: 285 | P1297: =IFERROR(VLOOKUP($C1297,'Patrimoine 2018'!$C:$I,COLUMN(E1293),0),"") | Q1297: =IFERROR(VLOOKUP($C1297,'Patrimoine 2018'!$C:$I,COLUMN(F1293),0),"") | R1297: =IFERROR(VLOOKUP($C1297,'Patrimoine 2018'!$C:$I,COLUMN(G1293),0),"")
A1298: 2770 | B1298: 909 | C1298: =A1298&"-"&F1298&"-"&LEFT(G1298,8) -> 2770-43181-FAUTEIL | D1298: 0 | E1298: 2351 | F1298: 43181 | G1298: FAUTEIL DE TRAVAIL EN CUIR AVEC ACCOUDO | H1298: I | I1298: 2388 | J1298: 10 | L1298: 186.46 | M1298: 186.46 | N1298: 2201.54 | O1298: 285 | P1298: =IFERROR(VLOOKUP($C1298,'Patrimoine 2018'!$C:$I,COLUMN(E1294),0),"") | Q1298: =IFERROR(VLOOKUP($C1298,'Patrimoine 2018'!$C:$I,COLUMN(F1294),0),"") | R1298: =IFERROR(VLOOKUP($C1298,'Patrimoine 2018'!$C:$I,COLUMN(G1294),0),"")
A1299: 2771 | B1299: 909 | C1299: =A1299&"-"&F1299&"-"&LEFT(G1299,8) -> 2771-43181-FAUTEIL | D1299: 0 | E1299: 2351 | F1299: 43181 | G1299: FAUTEIL DE TRAVAIL EN CUIR AVEC ACCOUDO | H1299: I | I1299: 2388 | J1299: 10 | L1299: 186.46 | M1299: 186.46 | N1299: 2201.54 | O1299: 285 | P1299: =IFERROR(VLOOKUP($C1299,'Patrimoine 2018'!$C:$I,COLUMN(E1295),0),"") | Q1299: =IFERROR(VLOOKUP($C1299,'Patrimoine 2018'!$C:$I,COLUMN(F1295),0),"") | R1299: =IFERROR(VLOOKUP($C1299,'Patrimoine 2018'!$C:$I,COLUMN(G1295),0),"")
A1300: 2772 | B1300: 909 | C1300: =A1300&"-"&F1300&"-"&LEFT(G1300,8) -> 2772-43181-FAUTEIL | D1300: 0 | E1300: 2351 | F1300: 43181 | G1300: FAUTEIL DE TRAVAIL EN CUIR AVEC ACCOUDO | H1300: I | I1300: 2388 | J1300: 10 | L1300: 186.46 | M1300: 186.46 | N1300: 2201.54 | O1300: 285 | P1300: =IFERROR(VLOOKUP($C1300,'Patrimoine 2018'!$C:$I,COLUMN(E1296),0),"") | Q1300: =IFERROR(VLOOKUP($C1300,'Patrimoine 2018'!$C:$I,COLUMN(F1296),0),"") | R1300: =IFERROR(VLOOKUP($C1300,'Patrimoine 2018'!$C:$I,COLUMN(G1296),0),"")
A1301: 2773 | B1301: 909 | C1301: =A1301&"-"&F1301&"-"&LEFT(G1301,8) -> 2773-43181-FAUTEIL | D1301: 0 | E1301: 2351 | F1301: 43181 | G1301: FAUTEIL DE TRAVAIL EN CUIR AVEC ACCOUDO | H1301: I | I1301: 2388 | J1301: 10 | L1301: 186.46 | M1301: 186.46 | N1301: 2201.54 | O1301: 285 | P1301: =IFERROR(VLOOKUP($C1301,'Patrimoine 2018'!$C:$I,COLUMN(E1297),0),"") | Q1301: =IFERROR(VLOOKUP($C1301,'Patrimoine 2018'!$C:$I,COLUMN(F1297),0),"") | R1301: =IFERROR(VLOOKUP($C1301,'Patrimoine 2018'!$C:$I,COLUMN(G1297),0),"")
... A1377: 2911 | B1377: 0 | C1377: =A1377&"-"&F1377&"-"&LEFT(G1377,8) -> 2911-43454-FAUTEUIL | D1377: 1 | E1377: 2351 | F1377: 43454 | G1377: FAUTEUIL ERGONOMIQUE SUR ROULETTES EN T | H1377: I | I1377: 2592 | J1377: 10 | L1377: 8.52 | M1377: 8.52 | N1377: 2583.48 | O1377: 12 | P1377: =IFERROR(VLOOKUP($C1377,'Patrimoine 2018'!$C:$I,COLUMN(E1373),0),"") -> SM | Q1377: =IFERROR(VLOOKUP($C1377,'Patrimoine 2018'!$C:$I,COLUMN(F1373),0),"") -> ADHESIONS & AVIS DE MODIFICATION | R1377: =IFERROR(VLOOKUP($C1377,'Patrimoine 2018'!$C:$I,COLUMN(G1373),0),"") -> 312
A1378: 32 | B1378: 0 | C1378: =A1378&"-"&F1378&"-"&LEFT(G1378,8) -> 32-31079-Machine | D1378: 1 | E1378: 2352 | F1378: 31079 | G1378: Machine a Ecrire Electronique | H1378: I | I1378: 14000 | J1378: 10 | K1378: 14000 | L1378: 0 | M1378: 14000 | N1378: 0 | P1378: =IFERROR(VLOOKUP($C1378,'Patrimoine 2018'!$C:$I,COLUMN(E1374),0),"") -> SM | Q1378: =IFERROR(VLOOKUP($C1378,'Patrimoine 2018'!$C:$I,COLUMN(F1374),0),"") -> SECRETARIAT DE DIRECTION | R1378: =IFERROR(VLOOKUP($C1378,'Patrimoine 2018'!$C:$I,COLUMN(G1374),0),"") -> 311
A1379: 60 | B1379: 0 | C1379: =A1379&"-"&F1379&"-"&LEFT(G1379,8) -> 60-33081-Machine | D1379: 0 | E1379: 2352 | F1379: 33081 | G1379: Machine a Ecrire Hermes Mecanique | H1379: I | I1379: 7800 | J1379: 20 | K1379: 7800 | L1379: 0 | M1379: 7800 | N1379: 0 | P1379: =IFERROR(VLOOKUP($C1379,'Patrimoine 2018'!$C:$I,COLUMN(E1375),0),"") | Q1379: =IFERROR(VLOOKUP($C1379,'Patrimoine 2018'!$C:$I,COLUMN(F1375),0),"") | R1379: =IFERROR(VLOOKUP($C1379,'Patrimoine 2018'!$C:$I,COLUMN(G1375),0),"")
A1380: 82 | B1380: 0 | C1380: =A1380&"-"&F1380&"-"&LEFT(G1380,8) -> 82-34751-Onduleur | D1380: 0 | E1380: 2352 | F1380: 34751 | G1380: Onduleur APC 600 UA | H1380: I | I1380: 6545 | J1380: 20 | K1380: 6545 | L1380: 0 | M1380: 6545 | N1380: 0 | P1380: =IFERROR(VLOOKUP($C1380,'Patrimoine 2018'!$C:$I,COLUMN(E1376),0),"") | Q1380: =IFERROR(VLOOKUP($C1380,'Patrimoine 2018'!$C:$I,COLUMN(F1376),0),"") | R1380: =IFERROR(VLOOKUP($C1380,'Patrimoine 2018'!$C:$I,COLUMN(G1376),0),"")
A1381: 44 | B1381: 915 | C1381: =A1381&"-"&F1381&"-"&LEFT(G1381,8) -> 44-35089-Telephon | D1381: 1 | E1381: 2352 | F1381: 35089 | G1381: Telephone Ittissalat AL Maghrib | H1381: I | I1381: 150 | J1381: 10 | K1381: 150 | L1381: 0 | M1381: 150 | N1381: 0 | P1381: =IFERROR(VLOOKUP($C1381,'Patrimoine 2018'!$C:$I,COLUMN(E1377),0),"") -> SM | Q1381: =IFERROR(VLOOKUP($C1381,'Patrimoine 2018'!$C:$I,COLUMN(F1377),0),"") -> CELLULE DE REPRESENTATION REGIONALE BERKANE | R1381: =IFERROR(VLOOKUP($C1381,'Patrimoine 2018'!$C:$I,COLUMN(G1377),0),"") -> BR
A1382: 370 | B1382: 0 | C1382: =A1382&"-"&F1382&"-"&LEFT(G1382,8) -> 370-35412-Micro-FM | D1382: 0 | E1382: 2352 | F1382: 35412 | G1382: Micro-FM SKAKU VX 618R Avec 2 Micros | H1382: I | I1382: 5000 | J1382: 10 | K1382: 5000 | L1382: 0 | M1382: 5000 | N1382: 0 | P1382: =IFERROR(VLOOKUP($C1382,'Patrimoine 2018'!$C:$I,COLUMN(E1378),0),"") | Q1382: =IFERROR(VLOOKUP($C1382,'Patrimoine 2018'!$C:$I,COLUMN(F1378),0),"") | R1382: =IFERROR(VLOOKUP($C1382,'Patrimoine 2018'!$C:$I,COLUMN(G1378),0),"")
A1383: 71 | B1383: 901 | C1383: =A1383&"-"&F1383&"-"&LEFT(G1383,8) -> 71-35412-Amplific | D1383: 1 | E1383: 2352 | F1383: 35412 | G1383: Amplificateur SHOW PA System SA 1200 Re | H1383: I | I1383: 2324 | J1383: 10 | K1383: 2324 | L1383: 0 | M1383: 2324 | N1383: 0 | P1383: =IFERROR(VLOOKUP($C1383,'Patrimoine 2018'!$C:$I,COLUMN(E1379),0),"") -> SM | Q1383: =IFERROR(VLOOKUP($C1383,'Patrimoine 2018'!$C:$I,COLUMN(F1379),0),"") -> C.D.M. CASA-MERS SULTAN | R1383: =IFERROR(VLOOKUP($C1383,'Patrimoine 2018'!$C:$I,COLUMN(G1379),0),"") -> 0
A1384: 101 | B1384: 0 | C1384: =A1384&"-"&F1384&"-"&LEFT(G1384,8) -> 101-35530-Retour L | D1384: 0 | E1384: 2352 | F1384: 35530 | G1384: Retour Lotus 1200/450/660 | H1384: I | I1384: 2998.8 | J1384: 10 | K1384: 2998.8 | L1384: 0 | M1384: 2998.8 | N1384: 0 | P1384: =IFERROR(VLOOKUP($C1384,'Patrimoine 2018'!$C:$I,COLUMN(E1380),0),"") | Q1384: =IFERROR(VLOOKUP($C1384,'Patrimoine 2018'!$C:$I,COLUMN(F1380),0),"") | R1384: =IFERROR(VLOOKUP($C1384,'Patrimoine 2018'!$C:$I,COLUMN(G1380),0),"")
A1385: 108 | B1385: 0 | C1385: =A1385&"-"&F1385&"-"&LEFT(G1385,8) -> 108-35545-Aspirate | D1385: 1 | E1385: 2352 | F1385: 35545 | G1385: Aspirateur Poussant 1200 W | H1385: I | I1385: 1800 | J1385: 10 | K1385: 1800 | L1385: 0 | M1385: 1800 | N1385: 0 | P1385: =IFERROR(VLOOKUP($C1385,'Patrimoine 2018'!$C:$I,COLUMN(E1381),0),"") -> SM | Q1385: =IFERROR(VLOOKUP($C1385,'Patrimoine 2018'!$C:$I,COLUMN(F1381),0),"") -> DIRECTION | R1385: =IFERROR(VLOOKUP($C1385,'Patrimoine 2018'!$C:$I,COLUMN(G1381),0),"") -> 310
A1386: 109 | B1386: 0 | C1386: =A1386&"-"&F1386&"-"&LEFT(G1386,8) -> 109-35579-Materiel | D1386: 0 | E1386: 2352 | F1386: 35579 | G1386: Materiel de Standart | H1386: I | I1386: 84665.65 | J1386: 10 | K1386: 84665.65 | L1386: 0 | M1386: 84665.65 | N1386: 0 | P1386: =IFERROR(VLOOKUP($C1386,'Patrimoine 2018'!$C:$I,COLUMN(E1382),0),"") | Q1386: =IFERROR(VLOOKUP($C1386,'Patrimoine 2018'!$C:$I,COLUMN(F1382),0),"") | R1386: =IFERROR(VLOOKUP($C1386,'Patrimoine 2018'!$C:$I,COLUMN(G1382),0),"")
A1387: 125 | B1387: 0 | C1387: =A1387&"-"&F1387&"-"&LEFT(G1387,8) -> 125-35655-Poste Te | D1387: 0 | E1387: 2352 | F1387: 35655 | G1387: Poste Telephone | H1387: I | I1387: 370.8 | J1387: 10 | K1387: 370.8 | L1387: 0 | M1387: 370.8 | N1387: 0 | P1387: =IFERROR(VLOOKUP($C1387,'Patrimoine 2018'!$C:$I,COLUMN(E1383),0),"") | Q1387: =IFERROR(VLOOKUP($C1387,'Patrimoine 2018'!$C:$I,COLUMN(F1383),0),"") | R1387: =IFERROR(VLOOKUP($C1387,'Patrimoine 2018'!$C:$I,COLUMN(G1383),0),"")
A1388: 127 | B1388: 0 | C1388: =A1388&"-"&F1388&"-"&LEFT(G1388,8) -> 127-35655-Poste Te | D1388: 0 | E1388: 2352 | F1388: 35655 | G1388: Poste Telephone | H1388: I | I1388: 370.8 | J1388: 10 | K1388: 370.8 | L1388: 0 | M1388: 370.8 | N1388: 0 | P1388: =IFERROR(VLOOKUP($C1388,'Patrimoine 2018'!$C:$I,COLUMN(E1384),0),"") | Q1388: =IFERROR(VLOOKUP($C1388,'Patrimoine 2018'!$C:$I,COLUMN(F1384),0),"") | R1388: =IFERROR(VLOOKUP($C1388,'Patrimoine 2018'!$C:$I,COLUMN(G1384),0),"")
A1389: 136 | B1389: 0 | C1389: =A1389&"-"&F1389&"-"&LEFT(G1389,8) -> 136-35795-Poste Te | D1389: 0 | E1389: 2352 | F1389: 35795 | G1389: Poste Teleph. | H1389: I | I1389: 2400 | J1389: 10 | K1389: 2400 | L1389: 0 | M1389: 2400 | N1389: 0 | P1389: =IFERROR(VLOOKUP($C1389,'Patrimoine 2018'!$C:$I,COLUMN(E1385),0),"") | Q1389: =IFERROR(VLOOKUP($C1389,'Patrimoine 2018'!$C:$I,COLUMN(F1385),0),"") | R1389: =IFERROR(VLOOKUP($C1389,'Patrimoine 2018'!$C:$I,COLUMN(G1385),0),"")
...
